 Dungeon Crawl Stone Soup version 0.31-a0-995-g04711c9635 (webtiles) character file.

Game seed: 9363973300843317815

1697255 EnegeticOcto the Placeless Cat (level 26, 125/138 HPs)
             Began as a Felid Chaos Knight on Nov 6, 2023.
             Was a Favourite Plaything of Xom.
             Escaped with the Orb
             ... and 3 runes!
             The game lasted 02:25:53 (66888 turns).

EnegeticOcto the Placeless Cat (FeCK)              Turns: 66888, Time: 02:25:54

Health: 125/138    AC: 29    Str: 16    XL:     26   Next: 36%
Magic:  47/51      EV: 36    Int: 23    God:    Xom [.*....]
Gold:   10902      SH:  0    Dex: 28    Spells: 23/54 levels left
                                        Lives:  2   Deaths: 3

rFire   + +          +
                       - Unarmed
rCold   + . .        (shield unavailable)
rNeg    + . .        (body armour unavailable)
rPois   ∞            (helmet unavailable)
rElec   +            (cloak unavailable)
rCorr   .            (gloves unavailable)
SInv    +            (boots unavailable)
Will    +++++        N - amulet "Rety Zutifi" {Spirit Int+4}
Stlth   +++          d - +4 ring of protection
HPRegen 0.43/turn    x - ring of Ronat {rC+ Will+}
MPRegen 0.32/turn

%: clarity, guardian spirit
@: statue-form, very slow
A: slow and powerful, torment resistance 1, boosted hp, very small, claws 3,
fangs 3, see invisible, (speed 1), (shaggy fur 3), stealthy paws, no weapons or
thrown items, no armour, multi-lived, horns 1, (iridescent scales 3), camouflage
1, agile 2, clarity, clever 2, fire resistance 3, high MP 2, strong-willed 2,
sense surroundings 2, electricity resistance, strong 2, wild magic 1, MP-powered
wands, noise suppression
0: Orb of Zot
}: 3/15 runes: serpentine, barnacled, silver
a: Begin Untransformation, Renounce Religion


You escaped.
You worshipped Xom.
You were a plaything of Xom.
You were a living statue of rough stone.
You visited 10 branches of the dungeon, and saw 50 of its levels.
You visited 1 bazaar.
You also visited: Trove, Bailey and Volcano.

You collected 13093 gold pieces.
You spent 2191 gold pieces at shops.

Inventory:

Jewellery
 d - a +4 ring of protection (left paw)
   (You found it on level 1 of the Dungeon)
 f - the amulet of the Republic {Fly Regen+ Dex+3}
   (You found it in a treasure trove)

   [amulet of regeneration]

   Dex+3:     It affects your dexterity (+3).
   Fly:       It grants you flight.
   Regen+:    It increases your rate of health regeneration.
 j - a ring of positive energy
   (You found it on level 2 of the Dungeon)
 x - the ring of Ronat (right paw) {rC+ Will+}
   (You found it on level 3 of the Depths)

   [ring of willpower]

   rC+:       It protects you from cold.
   Will+:     It increases your willpower.
 L - a ring of resist corrosion
   (You found it on level 12 of the Dungeon)
 N - the amulet "Rety Zutifi" (around neck) {Spirit Int+4}
   (You found it in a treasure trove)

   [amulet of guardian spirit]

   Spirit:    It causes incoming damage to be divided between your reserves of
   health and magic.
   Int+4:     It affects your intelligence (+4).
 P - the ring "Diubleet" {rCorr Str+2}
   (You found it on level 3 of the Depths)

   [ring of resist corrosion]

   Str+2:     It affects your strength (+2).
   rCorr:     It protects you from acid and corrosion.
 R - a +6 ring of intelligence
   (You found it on level 2 of the Snake Pit)
 W - the ring "Nusimn" {Wiz +Blink rElec Will+ Str+3}
   (You took it off a spriggan berserker on level 4 of the Depths)

   [ring of wizardry]

   Wiz:       It improves your spell success rate.
   Str+3:     It affects your strength (+3).
   rElec:     It insulates you from electricity.
   Will+:     It increases your willpower.
   +Blink:    It lets you blink.
 Z - the ring of the Endless Expanse {rN+ rCorr Int+2}
   (You took it off a vault guard on level 5 of the Vaults)

   [ring of positive energy]

   Int+2:     It affects your intelligence (+2).
   rN+:       It protects you from negative energy.
   rCorr:     It protects you from acid and corrosion.
Talismans
 S - the granite talisman of Quantum Leap (active) {rF+ Str+4 Dex-2 SInv}
   (You took it off Roxanne on level 3 of the Shoals)

   [granite talisman]

   Str+4:     It affects your strength (+4).
   Dex-2:     It affects your dexterity (-2).
   rF+:       It protects you from fire.
   SInv:      It lets you see invisible.
Wands
 c - a wand of polymorph (18)
   (You found it on level 10 of the Dungeon)
 n - a wand of quicksilver (35) {@v1}
   (You found it on level 4 of the Dungeon)
 w - a wand of roots (3) {@v2}
   (You found it on level 1 of the Realm of Zot)
 C - a wand of flame (71) {@v4}
   (You found it on level 1 of the Shoals)
 E - a wand of mindburst (35)
   (You found it on level 4 of the Lair of Beasts)
 T - a wand of paralysis (28)
   (You found it on level 3 of the Shoals)
 X - a wand of digging (18) {@v3}
   (You found it on level 3 of the Elven Halls)
Scrolls
 a - 2 scrolls of butterflies
 b - 12 scrolls of fog {!r}
 i - 16 scrolls of teleportation {@r3 !r}
 k - 2 scrolls of silence {!r}
 q - 4 scrolls of amnesia
 t - 8 scrolls of blinking {@r4}
 y - 7 scrolls of poison
 B - 6 scrolls of vulnerability
 H - a scroll of torment
 Q - 8 scrolls of fear {!r}
 U - 2 scrolls of immolation
Potions
 g - 6 potions of lignification {@q6}
 h - 9 potions of heal wounds {@q2 !q}
 l - 10 potions of ambrosia
 m - 9 potions of brilliance
 o - 6 potions of enlightenment
 p - 9 potions of might {@q3 !q}
 r - 4 potions of mutation
 s - 3 potions of haste {@q4 !q}
 u - 28 potions of curing {@q1 !q}
 v - 3 potions of invisibility
 z - 5 potions of cancellation
 I - 4 potions of resistance
 J - a potion of magic
 K - a potion of berserk rage
 V - 5 potions of attraction
Miscellaneous
 e - a sack of spiders
   (You found it on level 1 of the Vaults)
 A - a condenser vane
   (You found it on level 2 of the Lair of Beasts)
 F - a phantom mirror
   (You found it on level 2 of the Vaults)
 O - a lightning rod (4/4)
   (You found it in a treasure trove)
 Y - a phial of floods
   (You found it on level 5 of the Vaults)


   Skills:
 - Level 14.9 Fighting
 - Level 14.9 Dodging
 - Level 14.9 Stealth
 - Level 14.9 Unarmed Combat
 - Level 14.9 Spellcasting
 + Level 10.4 Conjurations
 - Level 14.9 Hexes
 - Level 14.9 Summonings
 - Level 14.9 Translocations
 + Level 12.2 Transmutations
 - Level 2.3 Ice Magic
 - Level 14.9 Air Magic
 - Level 14.9 Earth Magic
 - Level 14.9 Evocations
 - Level 14.9 Shapeshifting


You had 23 spell levels left.
You knew the following spells:

 Your Spells              Type           Power      Damage    Failure   Level
a - Summon Ice Beast      Ice/Summ       65%        N/A       2%          4
b - Vhi's Electric Charg  Tloc/Air       100%       N/A       1%          4
c - Summon Mana Viper     Hex/Summ       84%        N/A       1%          5
d - Silence               Hex/Air        42%        N/A       1%          5
e - Apportation           Tloc           100%       N/A       1%          1
f - Confusing Touch       Hex            84%        N/A       1%          3
g - Tukima's Dance        Hex            84%        N/A       1%          3
h - Cause Fear            Hex            42%        N/A       1%          4
p - Passwall              Tmut/Erth      66%        N/A       1%          2

Your spell library contained the following spells:

 Spells                   Type           Power      Damage    Failure   Level
 Foxfire                  Conj/Fire      100%       2x1d9     1%          1
 Kiss of Death            Conj/Necr      100%       2d13      1%          1
 Magic Dart               Conj           100%       1d8       1%          1
 Sandblast                Erth           100%       2d20      1%          1
 Shock                    Conj/Air       100%       1d9       1%          1
 Summon Small Mammal      Summ           100%       N/A       1%          1
 Call Imp                 Summ           100%       N/A       1%          2
 Cigotuvi's Dreadful Rot  Necr/Pois/Air  100%       N/A       1%          2
 Jinxbite                 Hex            100%       N/A       1%          2
 Momentum Strike          Conj/Tloc      100%       3d10      1%          2
 Static Discharge         Conj/Air       100%       3-8/arc   1%          2
 Wereblood                Tmut           77%        N/A       1%          2
 Call Canine Familiar     Summ           84%        N/A       1%          3
 Hailstorm                Conj/Ice       57%        3d12      1%          3
 Inner Flame              Hex/Fire       61%        N/A       1%          3
 Mephitic Cloud           Conj/Pois/Air  64%        N/A       1%          3
 Sigil of Binding         Hex            84%        N/A       1%          3
 Stone Arrow              Conj/Erth      100%       3d13      1%          3
 Summon Guardian Golem    Hex/Summ       84%        N/A       1%          3
 Volatile Blastmotes      Fire/Tloc      100%       2d18      1%          3
 Airstrike                Air            42%        2d(6-22)  1%          4
 Brom's Barrelling Bould  Conj/Erth      78%        2d9       1%          4
 Fulminant Prism          Conj/Hex       39%        3d17      1%          4
 Iskenderun's Mystic Bla  Conj/Tloc      78%        2d16      1%          4
 Leda's Liquefaction      Hex/Erth       42%        N/A       1%          4
 Passage of Golubria      Tloc           84%        N/A       1%          4
 Summon Lightning Spire   Summ/Air       84%        N/A       1%          4
 Arcjolt                  Conj/Air       39%        1d49      1%          5
 Lee's Rapid Deconstruct  Erth           42%        3d20*     1%          5
 Yara's Violent Unravell  Hex/Tmut       40%        3d16      1%          5
 Freeze                   Ice            100%       1d10      2%          1
 Iskenderun's Battlesphe  Conj           71%        2d12      2%          5
 Ignite Poison            Fire/Tmut/Pois 46%        N/A       3%          3
 Anguish                  Hex/Necr       30%        N/A       3%          4
 Freezing Cloud           Conj/Ice/Air   33%        6-21      4%          5
 Bombard                  Conj/Erth      39%        9d7       5%          6
 Conjure Ball Lightning   Conj/Air       39%        3x3d13    5%          6
 Frozen Ramparts          Ice            72%        1d11      7%          3
 Flame Wave               Conj/Fire      52%        2d13      7%          4
 Sticky Flame             Conj/Fire      52%        2d7       7%          4
 Borgnjor's Vile Clutch   Necr/Erth      30%        N/A       7%          5
 Enfeeble                 Hex            42%        N/A       10%         7
 Malign Gateway           Summ/Tloc      42%        N/A       10%         7
 Monstrous Menagerie      Summ           42%        N/A       10%         7
 Summon Hydra             Summ           42%        N/A       10%         7
 Alistair's Intoxication  Tmut/Pois      37%        N/A       12%         5
 Vampiric Draining        Necr           22%        2d7       16%         3
 Fireball                 Conj/Fire      26%        3d12      16%         5
 Spellforged Servitor     Conj/Summ      39%        N/A       22%         7
 Plasma Beam              Fire/Air       30%        2x1d43    32%         6
 Animate Dead             Necr           22%        N/A       43%         4
 Dispel Undead            Necr           22%        3d12      43%         4
 Olgreb's Toxic Radiance  Pois           22%        N/A       43%         4
 Eringya's Noxious Bog    Tmut/Pois      28%        4d6       47%         6
 Orb of Destruction       Conj           35%        9d10      47%         7
 Agony                    Necr           22%        N/A       75%         5
 Lehudib's Crystal Spear  Conj/Erth      39%        10d10     83%         8
 Haunt                    Necr/Summ      30%        N/A       86%         7
 Simulacrum               Ice/Necr       14%        N/A       98%         6
 Death Channel            Necr           11%        N/A       99%         6
 Borgnjor's Revivificati  Necr           11%        N/A       100%        8
 Dimensional Bullseye     Hex/Tloc       Unusable   N/A       N/A         4
 Sublimation of Blood     Necr           Unusable   N/A       N/A         2

Dungeon Overview and Level Annotations

Branches:
Dungeon (15/15)            Temple (0/1) D:5            Lair (5/5) D:8
 Shoals (4/4) Lair:3        Snake (4/4) Lair:3        Slime (0/5) Lair:4
    Orc (2/2) D:11            Elf (3/3) Orc:2        Vaults (5/5) D:14
  Crypt (3/3) Vaults:2       Tomb (0/3) Crypt:3      Depths (4/4) D:15
    Zot (5/5) Depths:4     Bailey (visited)         Volcano (visited)

Altars:
Ashenzari
Cheibriados
Dithmenos
Elyvilon
Fedhas
Gozag
Hepliaklqana
Kikubaaqudgha
Makhleb
Trog
Xom
Yredelemnul
The Shining One

Shops:
D:12 ?   Orc:2 (?!?   Elf:1 *   Elf:3 ==:   Snake:3 :   Vaults:1 [([
Vaults:3 [   Depths:2 *   Depths:3 *

Portals:
Hell: Depths:1 Depths:2 Depths:3 Depths:4
Abyss: Depths:2 Depths:3
Pandemonium: Depths:1 Depths:2 Depths:3
Ziggurat: Depths:2

Annotations:
Orc:1 Gastronok
Zot:5 1 exclusion


Innate Abilities, Weirdness & Mutations

You are a living statue of rough stone.
Your actions are slow, but your melee attacks are powerful.
You are resistant to unholy torment.
Your maximum health is increased.
You are immune to poison.
You have sharp claws.
You have razor-sharp teeth.
You have supernaturally acute eyesight. (SInv)
((You cover ground quickly. (Speed+)))
((Your thick and shaggy fur keeps you warm. (AC +3, rC+)))
Your paws help you pounce on unaware monsters.
You are incapable of wielding weapons or throwing items.
You cannot wear armour.
You gain extra lives every three experience levels.
You have a pair of small horns on your head.
((You are completely covered in iridescent scales. (AC +6)))
Your skin changes colour to match your surroundings (Stealth+).
You are very agile. (Dex +8, Str/Int -2)
You possess an exceptional clarity of mind.
Your mind is very acute. (Int +8, Str/Dex -2)
Your flesh is almost immune to the effects of heat. (rF+++)
You have a considerably increased reservoir of magic. (+20% MP)
You are highly strong-willed. (Will++)
You passively map the area around you.
You are resistant to electric shocks. (rElec)
Your muscles are very strong. (Str +8, Int/Dex -2)
Your spells are a little harder to cast, but a little more powerful.
You expend magic power (3 MP) to strengthen your wands.
You passively dampen the noise of your surroundings.


Message History

You eviscerate the lorocyproca!!!
You kill the lorocyproca!
No target in view!
(D) Dungeon (T) Temple (L) Lair (A) Shoals (P) Snake Pit (M) Slime Pits (O) Orcish Mines (E) Elven Halls (V) Vaults (C) Crypt (W) Tomb (U) Depths (H) Hell (Z) Zot
Where to? (Tab/Enter - D:1 @ (x,y), ? - help)
There is a stone staircase leading up here.
You climb upwards.
Your summoned ally is left behind.
There is a stone staircase leading down here.
A hellwing comes into view.
Unknown command.
Unknown command.
The hellwing moves out of view.
Casting: Summon Mana Viper (mildly dangerous; 1% risk of failure)
Confirm with . or Enter, or press ? or * to list all spells.
Aiming: Passwall (safe; 1% risk of failure)
Press: ? - help, Dir - move target A rock wall.
This square is covered in magical glow.
You begin to meditate on the wall.
You continue meditating on the rock.
The hellwing hits you but does no damage.
The hellwing barely misses you.
You continue meditating on the rock.
The hellwing completely misses you. x2
You finish merging with the rock.
(D) Dungeon (T) Temple (L) Lair (A) Shoals (P) Snake Pit (M) Slime Pits (O) Orcish Mines (E) Elven Halls (V) Vaults (C) Crypt (W) Tomb (U) Depths (H) Hell (Z) Zot
Where to? (Tab/Enter - D:1 @ (x,y), ? - help) HP restored.
There is a stone staircase leading up here.
You climb upwards.
There is a stone staircase leading down here.
An Orb Guardian comes into view.
Unknown command.
Charge where?
Press: ? - help, Q - select action, (/) - cycle Dir - move target, f - Orb Guardian
Aim: an Orb Guardian (81% to hit)
You charge forward with an electric crackle!
You eviscerate the Orb Guardian and electrocute it!!!
You headbutt the Orb Guardian, but do no damage.
The Orb Guardian is severely wounded.
The Orb Guardian completely misses you. The Orb Guardian hits you!!
You scratch the Orb Guardian.
The Orb Guardian is severely wounded.
The Orb Guardian hits you but does no damage.
You mangle the Orb Guardian!!
You kill the Orb Guardian!
No target in view!
(D) Dungeon (T) Temple (L) Lair (A) Shoals (P) Snake Pit (M) Slime Pits (O) Orcish Mines (E) Elven Halls (V) Vaults (C) Crypt (W) Tomb (U) Depths (H) Hell (Z) Zot
Where to? (Tab/Enter - D:1 @ (x,y), ? - help)
There is a stone staircase leading up here.
You climb upwards.
There is a stone staircase leading down here.
Magic restored.
HP restored.
A Hell Sentinel comes into view.
Unknown command.
Charge where?
Press: ? - help, Q - select action, (/) - cycle Dir - move target, f - Hell Sentinel
Aim: a Hell Sentinel (97% to hit)
You charge forward with an electric crackle!
You eviscerate the Hell Sentinel!!!
You bite the Hell Sentinel, but do no damage.
The Hell Sentinel is heavily wounded.
The Hell Sentinel gestures at you.
The sphere of damnation explodes!
The damnation engulfs you!!
The damnation engulfs the Hell Sentinel.
The Hell Sentinel completely resists.
You eviscerate the Hell Sentinel!!! You headbutt the Hell Sentinel.
The Hell Sentinel is almost dead.
The Hell Sentinel completely misses you.
The Hell Sentinel hits you!
You claw the Hell Sentinel!
You headbutt the Hell Sentinel, but do no damage.
You bite the Hell Sentinel, but do no damage.
The Hell Sentinel is almost dead.
The Hell Sentinel misses you. x2
You scratch the Hell Sentinel but do no damage.
You headbutt the Hell Sentinel.
The Hell Sentinel is almost dead.
The Hell Sentinel misses you.
The Hell Sentinel completely misses you.
You mangle the Hell Sentinel!!
You kill the Hell Sentinel!
No target in view!
(D) Dungeon (T) Temple (L) Lair (A) Shoals (P) Snake Pit (M) Slime Pits (O) Orcish Mines (E) Elven Halls (V) Vaults (C) Crypt (W) Tomb (U) Depths (H) Hell (Z) Zot
Where to? (Tab/Enter - D:1 @ (x,y), ? - help)
There is a staircase leading out of the dungeon here.
Unknown command.
You have escaped!

##..######.......######.#.#
#..## #.........#.........#
#.#####.#.....#...######..#
#.###...##...##...## #..#
#.##....###.###....#####..##
#.##.###.##.##.###.........#
#.....###.#.#.###....#####.#
###....###...###.....###...#
##.......8...........##..#
#...###...###.....##....#
#..###.#.#.###......#...#
#.###.##.##.###.#.......#
#....###.###......###.#.#
##...##...##............#
#...#.....#.############
##..........# #..#####..##


There were no monsters in sight!

Vanquished Creatures
  3 dread liches
  Mennas (Crypt:2)
  Mara (Depths:1)
  3 juggernauts (Depths:4)
  Boris (5 times) (Vaults:3 Depths:1 Depths:4 Crypt:1 Crypt:2)
  Vv (Crypt:1)
  Margery (Vaults:4)
  Saint Roka (Vaults:1)
  Bai Suzhen (Snake:3)
  5 caustic shrikes
  A curse toe (Crypt:3)
  A profane servitor (Crypt:3)
  6 golden dragons
  Norris (Vaults:1)
  A Tzitzimitl (Zot:3)
  A Brimstone Fiend (D:15)
  A hellephant (D:6)
  12 tentacled monstrosities
  2 walking crystal tomes (Depths:4)
  Mlioglotl (Shoals:4)
  Zenata (Vaults:1)
  4 quicksilver dragons
  2 walking earthen tomes
  A Hell Sentinel (D:1)
  5 liches
  5 Orb Guardians
  7 titans (Vaults:5)
  A deep elf master archer (Elf:3)
  4 deep elf blademasters
  Polyphemus (Shoals:3)
  7 sphinxes
  A walking frostbound tome (Depths:3)
  An Executioner (Depths:4)
  8 ancient champions
  Agnes (Snake:1)
  6 shadow dragons
  A death cob (Zot:1)
  7 tengu reavers
  7 storm dragons
  A fenstrider witch (Lair:3)
  4 fire giants (Depths:4)
  6 revenants
  Donald (Shoals:1)
  Ilsuiw (Shoals:2)
  3 nagarajas
  Aizul (Crypt:1)
  2 draconian monks
  A juggernaut zombie (Crypt:2)
  A ghost moth (Zot:1)
  7 deep elf sorcerers
  A draconian scorcher (Zot:1)
  5 curse skulls
  13 frost giants
  A frost giant (shapeshifter) (Depths:4)
  4 deep elf elementalists
  4 balrugs
  2 orc warlords (Orc:2)
  A cacodemon (D:14)
  5 ghouls
  A draconian shifter (Zot:1)
  A draconian knight (Zot:3)
  17 ironbound preservers
  19 vault wardens
  5 spriggan defenders
  2 quicksilver oozes
  4 formless jellyfish
  2 caustic shrike skeletons
  4 war gargoyles
  15 very ugly things
  2 green draconians
  A demonspawn blood saint (Zot:5)
  2 reapers (Depths:1)
  9 ironbound thunderhulks
  8 vampire knights
  20 stone giants
  6 deep elf demonologists
  A demonspawn black sun (D:9)
  3 lorocyprocas
  A white draconian (Zot:2)
  7 spark wasps
  Azrael (Elf:1)
  A red draconian (Zot:3)
  A purple draconian (Zot:2)
  2 yellow draconians (Zot:3)
  8 dire elephants
  A spark wasp (shapeshifter) (Depths:4)
  7 deep elf death magi
  5 deep elf annihilators
  8 ettins
  8 eidola
  2 mummy priests (Crypt:2)
  A green death (D:14)
  4 merfolk javelineers
  3 crystal guardians
  An acid blob zombie (Crypt:2)
  6 deep elf high priests
  5 jiangshi
  16 yaktaur captains
  11 merfolk impalers
  9 fire dragons
  23 vault guards
  5 salamander tyrants (Snake:4)
  9 great orbs of eyes
  13 centaur warriors
  A rakshasa (D:15)
  6 hydras
  3 catoblepae
  An ogre mage (Vaults:1)
  6 spriggan air magi
  3 peacekeepers
  2 alligator snapping turtles
  11 ice dragons
  5 anacondas
  A hell beast (D:4)
  Erica (D:9)
  10 ironbound frosthearts
  4 boulder beetles
  2 death knights
  6 merfolk aquamancers
  A two-headed ogre (shapeshifter) (Vaults:5)
  A merfolk avatar (Shoals:4)
  2 two-headed ogres
  5 death yaks
  2 satyrs (Shoals:3)
  20 dancing weapons
  10 deep troll earth magi
  8 deep troll shamans
  7 naga warriors
  7 tengu warriors
  5 spriggan berserkers
  3 vampire magi (Crypt:1)
  13 hell knights
  9 naga sharpshooters
  16 deep elf knights
  4 shock serpents
  8 sun demons
  3 soul eaters
  14 iron trolls
  7 shadow wraiths
  5 salamander mystics
  3 sixfirhies (D:14)
  3 skysharks
  A death drake (shapeshifter) (Vaults:3)
  16 skeletal warriors
  2 bunyip zombies
  12 sea snakes
  A death drake (Shoals:2)
  7 flayed ghosts
  A goliath frog (Depths:3)
  An orb spider (shapeshifter) (Depths:4)
  7 naga ritualists
  32 deep trolls
  4 glowing orange brains
  4 lindwurms
  2 arcanists
  2 spriggan simulacra
  18 ironbound convokers
  19 phantasmal warriors
  A steelbarb worm (shapeshifter) (Depths:4)
  22 harpies
  11 necromancers
  6 deep elf archers
  24 deep elf zephyrmancers
  10 orc knights
  3 cyclopes
  9 mana vipers
  15 ugly things
  21 deep elf pyromancers
  6 orc sorcerers
  21 fauns
  6 moths of wrath
  15 manticores
  2 centaur zombies (D:15)
  A fire giant skeleton (Vaults:2)
  25 vault sentinels
  14 merfolk sirens
  4 guardian serpents (Snake:4)
  24 black mambas
  A moth of wrath (shapeshifter) (Vaults:2)
  11 naga magi
  9 salamanders
  A torpor snail (shapeshifter) (Vaults:5)
  5 water nymphs
  6 gargoyles
  An orange demon (D:14)
  5 torpor snails (Lair:5)
  An apocalypse crab (Lair:5)
  12 cane toads
  3 unseen horrors
  9 freezing wraiths
  A tormentor (Depths:3)
  4 elf skeletons (Vaults:2)
  41 yaktaurs
  A dire elephant skeleton (Crypt:3)
  A centaur skeleton (D:15)
  10 komodo dragons
  2 rime drakes
  2 hellions
  An efreet (D:10)
  2 yaktaur skeletons (Vaults:2)
  2 redback zombies
  A red draconian skeleton (Crypt:2)
  A merfolk (shapeshifter) (Vaults:5)
  2 tengu conjurers
  23 merfolk
  4 meliai
  A death yak skeleton (Crypt:1)
  An anaconda simulacrum (Crypt:1)
  5 guardian mummies
  7 trolls
  8 polar bears (Lair:5)
  3 tyrant leeches (Lair:5)
  A wolf spider simulacrum (D:15)
  11 hornets
  A queen bee (D:12)
  6 wind drakes
  A dream sheep (shapeshifter) (Depths:4)
  3 raiju (Lair:5)
  A glass eye (Depths:1)
  8 snapping turtles
  8 dream sheep
  21 slime creatures
  4 flying skulls (Crypt:1)
  4 spriggans
  26 water elementals
  2 dire elephant simulacra
  2 air elementals (Elf:1)
  2 ushabtiu (Crypt:2)
  A vampire (D:11)
  4 wraiths
  4 humans (D:14)
  A naga simulacrum (Crypt:1)
  31 yaks
  2 black mamba skeletons (Crypt:3)
  2 wyverns
  3 basilisks
  A basilisk (shapeshifter) (Lair:4)
  A neqoxec (Depths:4)
  9 fire elementals
  4 hogs (Lair:4)
  A steam dragon (Lair:4)
  10 vampire mosquitoes
  An acid dragon (D:11)
  A harpy simulacrum (Crypt:1)
  A merfolk zombie (Crypt:2)
  14 wargs
  37 nagas
  A naga skeleton (Crypt:3)
  A swamp worm (shapeshifter) (Vaults:5)
  2 naga zombies
  A demonspawn zombie (Crypt:3)
  17 water moccasins
  A hydra simulacrum (Crypt:1)
  A water moccasin (shapeshifter) (D:14)
  A fire bat skeleton (Crypt:2)
  13 hell hounds
  2 sky beasts
  44 orc warriors
  An ice beast (D:6)
  A swamp drake (shapeshifter) (Elf:3)
  13 black bears
  A blink frog zombie (Crypt:3)
  A manticore zombie (Crypt:2)
  15 wolves (Lair:5)
  7 ogres
  3 boggarts (Vaults:2)
  14 centaurs
  A torpor snail zombie (Crypt:2)
  9 earth elementals
  2 gnoll sergeants
  12 bullfrogs
  5 human skeletons (Vaults:2)
  6 scorpions
  11 wights
  A polar bear zombie (Crypt:3)
  14 killer bees
  A nameless horror (Elf:3)
  5 howler monkeys
  4 electric eels
  3 hounds (D:5)
  4 jellies
  19 orc priests
  3 sleepcaps
  A gnoll bouda (D:5)
  4 iguanas
  Terence (D:3)
  A basilisk skeleton (Crypt:3)
  13 orc wizards
  A boggart skeleton (Crypt:1)
  An acid dragon zombie (Crypt:3)
  10 mummies
  8 adders
  9 gnolls
  3 white imps
  2 ufetubi (D:6)
  An adder skeleton (Crypt:1)
  2 worms
  2 dart slugs (D:3)
  90 orcs
  8 ball pythons
  A bat zombie (Crypt:1)
  5 endoplasms
  A giant cockroach (D:1)
  9 goblins
  5 hobgoblins
  6 jackals
  7 quokkas
  15 bats
  2 frilled lizards
  A frilled lizard zombie (Crypt:1)
  A hobgoblin skeleton (Crypt:3)
  11 kobolds
  An orc zombie (Crypt:1)
  4 rats
  A river rat zombie (Crypt:2)
1933 creatures vanquished.

Vanquished Creatures (collateral kills)
  Josephina (Crypt:1)
  A walking earthen tome (Depths:4)
  A lich (Depths:3)
  A titan (Vaults:5)
  An Executioner (D:15)
  A tengu reaver (Vaults:5)
  A shadow dragon (Vaults:5)
  Roxanne (Shoals:3)
  A nagaraja (Snake:4)
  A vault warden (Vaults:4)
  A fire giant (Depths:2)
  2 deep elf sorcerers (Elf:3)
  A ghoul (Crypt:2)
  A spriggan defender (Depths:3)
  A war gargoyle (Vaults:5)
  A very ugly thing (Vaults:5)
  An ironbound thunderhulk (Vaults:2)
  5 stone giants
  2 vampire knights
  2 spark wasps
  A demonspawn black sun (D:9)
  3 ettins
  An eidolon (Crypt:2)
  A merfolk javelineer (Shoals:3)
  4 jiangshi
  2 great orbs of eyes (Vaults:2)
  A spriggan zombie (Crypt:3)
  2 salamander tyrants
  9 vault guards
  An anaconda (Snake:2)
  A merfolk aquamancer (Shoals:2)
  An ogre mage (Vaults:5)
  9 dancing weapons
  A death yak (D:8)
  A naga warrior (Snake:4)
  3 naga sharpshooters
  A hell knight (Depths:3)
  2 skysharks (Vaults:1)
  A sun demon (D:9)
  3 deep elf knights (Elf:2)
  2 salamander mystics
  2 skeletal warriors (Crypt:2)
  A golden dragon zombie (Crypt:3)
  2 naga ritualists
  3 sea snakes
  2 deep elf archers
  2 ironbound convokers
  3 harpies
  Pikel (D:7)
  A necromancer (Vaults:5)
  3 phantasmal warriors
  4 deep elf pyromancers
  6 deep elf zephyrmancers
  2 mana vipers
  4 fauns
  3 ugly things
  A manticore (Shoals:3)
  4 salamanders
  7 black mambas
  2 slime creatures (Vaults:2)
  5 vault sentinels
  A water nymph (Shoals:2)
  5 merfolk sirens
  3 naga magi
  A dire elephant skeleton (Crypt:3)
  3 yaktaurs (Vaults:2)
  7 merfolk
  A freezing wraith (Crypt:2)
  A polar bear (Lair:5)
  A harpy skeleton (Crypt:1)
  A wind drake (Shoals:1)
  A hornet (Depths:3)
  4 dream sheep
  A snapping turtle (Shoals:3)
  4 flying skulls (Crypt:1)
  A water elemental (Elf:2)
  A fire elemental (Elf:2)
  2 yaks (Lair:4)
  A vampire mosquito (D:12)
  8 nagas
  A warg (Vaults:1)
  2 orc warriors
  2 wolves (Lair:5)
  2 lemures (D:7)
  2 bullfrogs
  2 wights (D:8)
  A killer bee (D:12)
  An orc priest (D:8)
  3 orc wizards
  An ogre skeleton (Crypt:1)
  A mummy (Crypt:3)
  A jelly zombie (Crypt:2)
  3 orcs
  A goblin zombie (Crypt:2)
  An orc skeleton (Crypt:1)
206 creatures vanquished.

Vanquished Creatures (others)
  A merfolk javelineer (Shoals:4)
  3 hydras
  An ice dragon (Depths:3)
  A two-headed ogre (D:10)
  6 dancing weapons
  A death knight (D:15)
  4 death yaks (D:8)
  2 deep elf knights
  3 skeletal warriors
  An orc knight (Orc:2)
  A deep elf zephyrmancer (Elf:1)
  An ironbound convoker (Vaults:2)
  A harpy (Shoals:2)
  2 deep elf pyromancers
  2 oklob plants (Lair:2)
  A black mamba (Snake:3)
  4 yaktaurs
  A troll (Orc:2)
  2 dream sheep (Lair:4)
  A wyvern (Lair:2)
  A water elemental (Shoals:3)
  3 yaks (Lair:4)
  A warg (Vaults:1)
  A naga (Snake:3)
  A water moccasin (shapeshifter) (D:7)
  An ice beast (D:7)
  A hell hound (Lair:5)
  6 orc warriors
  A wolf (Lair:5)
  2 wights (D:7)
  2 orcs (Orc:2)
  4 foxfires (Shoals:4)
  6 starspawn tentacles (Shoals:4)
69 creatures vanquished.

Grand Total: 2208 creatures vanquished

Notes
Turn   | Place    | Note
-------+----------+-------------------------------------------
     0 | D:1      | EnegeticOcto the Felid Chaos Knight began the quest for the
                  | Orb.
     0 | D:1      | Reached XP level 1. HP: 10/10 MP: 2/2
    46 | D:1      | Reached skill level 1 in Stealth
   103 | D:1      | Reached skill level 2 in Stealth
   129 | D:1      | Reached XP level 2. HP: 14/14 MP: 3/3
   297 | D:1      | Reached skill level 3 in Stealth
   422 | D:1      | XOM: butterfly on damage
   524 | D:1      | XOM: 3-stop teleportation journey
   685 | D:1      | Reached XP level 3. HP: 17/17 MP: 4/4
  1274 | D:2      | XOM: god gift: cyan potion {god gift}
  1308 | D:2      | Reached skill level 1 in Hexes
  1310 | D:2      | Reached skill level 4 in Dodging
  1572 | D:2      | Reached XP level 4. HP: 20/21 MP: 5/5
  1760 | D:3      | XOM: god gift: shiny helmet {god gift}
  1802 | D:3      | Learned a level 3 spell: Confusing Touch
  1846 | D:3      | XOM: 3-stop teleportation journey
  1892 | D:3      | Found a faded altar of an unknown god.
  1946 | D:3      | XOM: god gift: 14 gold pieces
  1975 | D:3      | Reached skill level 2 in Hexes
  2009 | D:3      | Identified the +1 pair of boots of Virtue {Will- Str+6}
  2228 | D:3      | XOM: 2-stop teleportation journey
  2264 | D:3      | Noticed Terence
  2301 | D:3      | XOM: blink monster(s)
  2426 | D:3      | XOM is BORED!
  2426 | D:3      | XOM: give mutations
  2426 | D:3      | Gained mutation: You are clumsy. (Dex -2) [Xom's mischief]
  2426 | D:3      | Gained mutation: You sometimes lose your temper in combat.
                  | [Xom's mischief]
  2665 | D:3      | XOM: give mutation
  2665 | D:3      | Gained mutation: You have hidden genetic potential. [Xom's
                  | mischief]
  3211 | D:4      | XOM: 1-stop teleportation journey
  3284 | D:4      | Noticed a black bear
  3295 | D:4      | Killed a black bear
  3296 | D:4      | Reached skill level 5 in Dodging
  3296 | D:4      | Reached skill level 4 in Unarmed Combat
  3296 | D:4      | Reached skill level 3 in Hexes
  3296 | D:4      | Reached XP level 5. HP: 20/24 MP: 6/6
  3315 | D:4      | Gained mutation: You are partially covered in iridescent
                  | scales. (AC +2) [hidden potential]
  3467 | D:4      | Found a bloodstained altar of Trog.
  3566 | D:4      | XOM: cloud trail
  3619 | D:4      | XOM: give mutations
  3619 | D:4      | Gained mutation: Your flesh is heat resistant. (rF+) [Xom's
                  | grace]
  3619 | D:4      | Gained mutation: Your mind is acute. (Int +4, Str/Dex -1)
                  | [Xom's grace]
  3764 | D:4      | XOM: cloud trail
  3900 | D:4      | XOM: give mutations
  3900 | D:4      | Gained mutation: Your flesh is very heat resistant. (rF++)
                  | [Xom's grace]
  3900 | D:4      | Gained mutation: You passively map a small area around you.
                  | [Xom's grace]
  4072 | D:5      | Entered Level 5 of the Dungeon
  4086 | D:5      | Noticed a water moccasin
  4155 | D:5      | Found a staircase to the Ecumenical Temple.
  4158 | D:4      | XOM: summons 3 hostile demons
  4163 | D:4      | Gained mutation: You are covered in thick fur. (AC +2)
                  | [Felid growth]
  4163 | D:4      | Reached XP level 6. HP: 17/28 MP: 7/7
  4393 | D:4      | Reached skill level 4 in Hexes
  4481 | D:5      | Lost mutation: You sometimes lose your temper in combat.
                  | [hidden potential]
  4481 | D:5      | Lost mutation: You have hidden genetic potential. [hidden
                  | potential expressed]
  4500 | D:5      | Found a snail-covered altar of Cheibriados.
  4500 | D:5      | Found a broken altar of Ashenzari.
  4507 | D:5      | XOM: 6-stop teleportation journey
  4523 | D:5      | XOM: enchant monster (good)
  4527 | D:5      | Reached skill level 6 in Dodging
  4624 | D:5      | XOM: scenery: create altars
  4645 | D:5      | XOM: scenery: create altars
  4652 | D:5      | Reached skill level 5 in Unarmed Combat
  4652 | D:5      | Reached skill level 5 in Hexes
  4707 | D:5      | a water moccasin changed into a warg
  4707 | D:5      | Noticed a warg
  4707 | D:5      | XOM: polymorph water moccasin -> warg
  4718 | D:5      | Killed a warg
  4719 | D:5      | Reached XP level 7. HP: 8/31 MP: 6/8
  4933 | D:5      | XOM: 10-stop teleportation journey
  5137 | D:5      | Reached skill level 6 in Hexes
  5170 | D:5      | XOM: noise
  5337 | D:5      | Reached skill level 1 in Spellcasting
  5514 | D:5      | Reached skill level 4 in Stealth
  5615 | D:5      | Reached XP level 8. HP: 36/36 MP: 4/11
  5665 | D:5      | XOM: 1-stop teleportation journey
  5952 | D:6      | XOM: confusion (+ monsters)
  6064 | D:6      | Reached skill level 4 in Fighting
  6064 | D:6      | Reached skill level 2 in Spellcasting
  6064 | D:6      | Reached skill level 7 in Hexes
  6163 | D:6      | XOM: cast spell 'Death Channel'
  6167 | D:6      | Reached skill level 5 in Stealth
  6196 | D:6      | XOM: cloud trail
  6377 | D:6      | XOM: cloud trail
  6625 | D:7      | XOM: 1-stop teleportation journey
  6634 | D:7      | XOM: cast spell 'Summon Cactus Giant'
  6642 | D:7      | Reached skill level 3 in Spellcasting
  6656 | D:7      | Noticed Pikel
  6661 | D:7      | Killed Pikel
  6662 | D:7      | Reached skill level 6 in Fighting
  6662 | D:7      | Reached skill level 8 in Hexes
  6662 | D:7      | Reached skill level 7 in Dodging
  6691 | D:7      | XOM: silly message
  6713 | D:7      | XOM: silly message
  6736 | D:7      | XOM: 4-stop teleportation journey
  6743 | D:7      | XOM: cloud trail
  6773 | D:7      | XOM: 1-stop teleportation journey
  6794 | D:7      | Reached XP level 9. HP: 36/41 MP: 11/14
  6841 | D:7      | XOM: confuse monster(s)
  6844 | D:7      | XOM: summons friendly crimson imp
  6854 | D:7      | XOM: 11-stop teleportation journey
  7255 | D:7      | Learned a level 3 spell: Summon Guardian Golem
  7290 | D:7      | XOM: cleaving
  7303 | D:7      | XOM: butterfly on damage
  7405 | D:7      | XOM: summons 3 hostile shadow creatures
  7428 | D:7      | XOM: fake destruction
  7434 | D:7      | XOM: polymorph scorpion -> shapeshifter
  7442 | D:7      | Reached skill level 6 in Unarmed Combat
  7572 | D:8      | Reached skill level 9 in Hexes
  7595 | D:8      | Reached skill level 8 in Dodging
  7595 | D:8      | Reached skill level 4 in Spellcasting
  7596 | D:8      | Reached skill level 1 in Summonings
  7599 | D:8      | Noticed a death yak
  7605 | D:8      | Noticed a death yak
  7607 | D:8      | Killed a death yak
  7607 | D:8      | Noticed a death yak
  7608 | D:8      | Reached skill level 2 in Summonings
  7608 | D:8      | Found a flagged portal.
  7608 | D:8      | Noticed a death yak
  7608 | D:8      | Noticed a death yak
  7609 | D:8      | Noticed a death yak
  7618 | D:8      | Noticed a death yak
  7625 | D:8      | Noticed a death yak
  7625 | D:8      | XOM: smoke on damage
  7628 | D:8      | XOM: blink monster(s)
  7631 | D:8      | HP: 1/41 [death yak (14)]
  7641 | D:8      | XOM: noise
  7645 | D:8      | Killed a death yak
  7646 | D:8      | Reached skill level 9 in Dodging
  7646 | D:8      | Reached skill level 10 in Hexes
  7646 | D:8      | Reached XP level 10. HP: 5/45 MP: 10/18
  7668 | D:7      | XOM: summons 4 hostile demons
  7832 | D:7      | XOM: give mutations
  7832 | D:7      | Gained mutation: Your natural rate of healing is unusually
                  | fast. [Xom's mischief]
  7832 | D:7      | Lost mutation: Your mind is acute. (Int +4, Str/Dex -1)
                  | [Xom's mischief]
  7912 | Bailey   | Entered a bailey
  7994 | D:8      | Reached skill level 3 in Summonings
  8006 | D:8      | Reached skill level 7 in Unarmed Combat
  8064 | D:8      | Reached skill level 5 in Spellcasting
  8113 | D:8      | XOM: cast spell 'Summon Hydra'
  8131 | D:8      | XOM: confuse monster(s)
  8135 | D:8      | Killed a death yak
  8142 | D:8      | Killed a death yak
  8143 | D:8      | Reached skill level 4 in Summonings
  8143 | D:8      | Killed a death yak
  8144 | D:8      | Reached skill level 10 in Dodging
  8144 | D:8      | Reached skill level 8 in Unarmed Combat
  8144 | D:8      | XOM: confuse monster(s)
  8145 | D:8      | XOM: polymorph death yak -> death yak
  8145 | D:8      | Killed a death yak
  8146 | D:8      | Reached skill level 9 in Unarmed Combat
  8147 | D:8      | Killed a death yak
  8148 | D:8      | Reached skill level 10 in Unarmed Combat
  8153 | D:8      | Killed a death yak
  8154 | D:8      | Reached skill level 1 in Evocations
  8154 | D:8      | Reached XP level 11. HP: 48/48 MP: 12/19
  8490 | D:8      | Found a staircase to the Lair.
  8587 | D:8      | Found a blossoming altar of Fedhas.
  8715 | D:8      | Found a faded altar of an unknown god.
  8731 | D:8      | Found a hazy altar of Hepliaklqana.
  8737 | D:8      | Reached skill level 6 in Stealth
  8737 | D:8      | Reached skill level 2 in Evocations
  8988 | D:9      | Noticed Erica
  9024 | D:9      | XOM: blink monster(s)
  9049 | D:9      | XOM: noise
  9070 | D:9      | Killed Erica
  9103 | D:9      | XOM: 1-stop teleportation journey
  9137 | D:9      | Reached skill level 11 in Dodging
  9137 | D:9      | Reached skill level 7 in Stealth
  9146 | D:9      | Reached skill level 7 in Fighting
  9200 | D:9      | XOM: noise
  9302 | D:9      | XOM: 2-stop teleportation journey
  9652 | D:9      | XOM: divination: detect creatures
  9714 | D:10     | Entered Level 10 of the Dungeon
  9765 | D:10     | Noticed a two-headed ogre
  9774 | D:10     | XOM: cast spell 'Olgreb's Toxic Radiance'
  9792 | D:10     | Killed a two-headed ogre
  9811 | D:10     | XOM: 1-stop teleportation journey
 10078 | D:10     | Reached skill level 8 in Stealth
 10286 | D:10     | XOM: divination: detect creatures
 10301 | D:10     | Reached skill level 12 in Dodging
 10312 | D:10     | Reached skill level 8 in Fighting
 10333 | D:10     | Found the +11 Singing Sword {sonic wave}
 10345 | D:10     | XOM: give mutations
 10345 | D:10     | Gained mutation: You expend magic power (3 MP) to
                  | strengthen your wands. [Xom's grace]
 10345 | D:10     | Gained mutation: Your system is resistant to poisons.
                  | (rPois) [Xom's grace]
 10345 | D:10     | Lost mutation: You are clumsy. (Dex -2) [Xom's grace]
 10974 | Lair:1   | Entered Level 1 of the Lair of Beasts
 11176 | Lair:1   | XOM: enchant monster (good)
 11178 | Lair:1   | XOM: silly message
 11188 | Lair:1   | XOM: scenery: 1 doors open
 11405 | Lair:1   | XOM: destruction
 11446 | Lair:1   | XOM: silly message
 11572 | Lair:1   | Found a dark tunnel.
 11615 | Volcano  | Entered a volcano
 11764 | Lair:1   | XOM: give mutation
 11764 | Lair:1   | Gained mutation: You are mostly covered in iridescent
                  | scales. (AC +4) [Xom's grace]
 11789 | Lair:1   | XOM: cloud trail
 11975 | Lair:1   | XOM: confuse monster(s)
 11977 | Lair:1   | Reached skill level 13 in Dodging
 11986 | Lair:1   | Reached skill level 9 in Fighting
 12001 | Lair:2   | Gained mutation: Your thick and shaggy fur keeps you warm.
                  | (AC +3, rC+) [Felid growth]
 12001 | Lair:2   | Reached XP level 12. HP: 53/57 MP: 20/20
 12098 | Lair:2   | Noticed a seven-headed hydra
 12158 | Lair:2   | XOM: confuse monster(s)
 12216 | Lair:2   | XOM: give mutations
 12216 | Lair:2   | Gained mutation: Your flesh is cold resistant. (rC+) [Xom's
                  | grace]
 12216 | Lair:2   | Gained mutation: You possess an exceptional clarity of
                  | mind. [Xom's grace]
 12216 | Lair:2   | Gained mutation: You are agile. (Dex +4, Str/Int -1) [Xom's
                  | grace]
 12653 | Lair:2   | XOM: 10-stop teleportation journey
 12671 | Lair:2   | XOM: cloud trail
 12817 | Lair:2   | XOM: scenery: summon butterflies
 12882 | Lair:2   | Killed a seven-headed hydra
 13029 | Lair:3   | Noticed a six-headed hydra
 13031 | Lair:3   | XOM: summons 12 friendly demons
 13044 | Lair:3   | Killed a six-headed hydra
 13244 | Lair:3   | Found a staircase to the Snake Pit.
 13420 | Lair:3   | Reached skill level 3 in Evocations
 13451 | Lair:3   | Found a staircase to the Shoals.
 13466 | Lair:3   | XOM: blink monster(s)
 13596 | Lair:3   | Reached skill level 9 in Stealth
 13728 | Lair:3   | XOM: summons 1 hostile demon
 13843 | Lair:4   | Noticed Kirke
 13914 | Lair:4   | XOM: silly message
 13951 | Lair:4   | XOM: fog
 14249 | Lair:4   | Noticed a four-headed hydra
 14368 | Lair:4   | XOM: confuse monster(s)
 14392 | Lair:4   | Killed a four-headed hydra
 14393 | Lair:4   | Reached skill level 10 in Fighting
 14420 | Lair:4   | XOM: noise
 14423 | Lair:4   | Reached skill level 6 in Spellcasting
 14439 | Lair:4   | Reached skill level 4 in Evocations
 14483 | Lair:4   | XOM: polymorph hog -> shapeshifter
 14518 | Lair:4   | XOM: silly message
 14527 | Lair:3   | XOM: torment (29/58 hp)
 14533 | Lair:3   | Kirke changed into Kirke the fenstrider witch
 14533 | Lair:3   | Noticed Kirke
 14533 | Lair:3   | XOM: polymorph Kirke -> Kirke the fenstrider witch
 14685 | Lair:4   | XOM: polymorph water moccasin -> steam dragon
 14876 | Lair:4   | Noticed a four-headed hydra
 14909 | Lair:4   | Noticed a five-headed hydra
 14914 | Lair:4   | XOM: enchant monster (good)
 14938 | Lair:4   | XOM: divination: detect items
 14949 | Lair:4   | Killed a five-headed hydra
 14963 | Lair:4   | Reached skill level 14 in Dodging
 14963 | Lair:4   | Reached skill level 10 in Stealth
 15186 | Lair:4   | XOM: cast spell 'Death Channel'
 15192 | Lair:4   | Reached skill level 5 in Evocations
 15202 | Lair:4   | XOM: blink monster(s)
 15205 | Lair:4   | XOM: noise
 15214 | Lair:4   | Reached XP level 13. HP: 61/61 MP: 20/23
 15216 | Lair:4   | Reached skill level 11 in Unarmed Combat
 15283 | Lair:4   | XOM: confuse monster(s)
 15405 | Lair:4   | Found a staircase to the Slime Pits.
 15430 | Lair:4   | XOM: give mutations
 15430 | Lair:4   | Gained mutation: Your flesh is almost immune to the effects
                  | of heat. (rF+++) [Xom's grace]
 15430 | Lair:4   | Gained mutation: You are resistant to electric shocks.
                  | (rElec) [Xom's grace]
 15430 | Lair:4   | Gained mutation: You have a somewhat thin skeletal
                  | structure. (Dex +2, Stealth+) [Xom's grace]
 15430 | Lair:4   | Gained mutation: You have a pair of small horns on your
                  | head. [Xom's grace]
 15531 | Lair:5   | Entered Level 5 of the Lair of Beasts
 15556 | Lair:5   | Reached skill level 7 in Spellcasting
 15644 | Lair:5   | XOM: polymorph eight-headed hydra -> goliath frog
 15655 | Lair:5   | a goliath frog changed into a fire dragon
 15655 | Lair:5   | Noticed a fire dragon
 15655 | Lair:5   | XOM: polymorph goliath frog -> fire dragon
 15657 | Lair:5   | XOM: silly message
 15737 | Lair:5   | Killed a fire dragon
 15738 | Lair:5   | Reached skill level 6 in Evocations
 15761 | Lair:5   | XOM: cast spell 'Disjunction'
 15762 | Lair:5   | XOM: confuse monster(s)
 15776 | Lair:5   | XOM: enchant monster (good)
 15850 | Lair:5   | XOM: give mutation
 15850 | Lair:5   | Lost mutation: Your natural rate of healing is unusually
                  | fast. [Xom's mischief]
 16100 | Lair:5   | XOM: 4-stop teleportation journey
 16127 | Lair:5   | XOM: fake destruction
 16129 | Lair:5   | XOM: cleaving
 16184 | Lair:5   | XOM: polymorph water moccasin -> wolf
 16196 | Lair:5   | Reached skill level 7 in Evocations
 16198 | Lair:5   | XOM: summons 13 friendly demons
 16363 | Lair:5   | XOM: confuse monster(s)
 16438 | Lair:5   | XOM: scenery: summon butterflies
 16561 | Lair:5   | XOM: summons 1 hostile shadow creature
 16751 | Lair:5   | Found a runed translucent door.
 16819 | Lair:5   | XOM: potion effect (heal wounds)
 16824 | Lair:5   | Reached skill level 8 in Spellcasting
 16857 | Lair:5   | XOM: potion effect (haste)
 16866 | Lair:5   | Reached skill level 12 in Unarmed Combat
 16937 | Lair:5   | Reached skill level 8 in Evocations
 17000 | Lair:5   | XOM: silly message
 17008 | Lair:5   | XOM: potion effect (haste)
 17097 | Lair:5   | XOM: divination: magic mapping
 17190 | Lair:5   | XOM: god gift: clear potion {god gift}
 17196 | Lair:5   | XOM: cast spell 'Monstrous Menagerie'
 17243 | Lair:5   | XOM: scenery: create altars
 17252 | Lair:5   | XOM: summons friendly shadow imp
 17406 | Lair:5   | XOM: polymorph hell hound -> apocalypse crab
 17600 | Lair:5   | XOM: silly message
 17716 | Lair:5   | XOM: 3-stop teleportation journey
 17772 | Lair:5   | XOM: enchant monster (bad)
 17831 | Lair:5   | XOM: stat loss: -1 Int (12/13)
 17893 | Lair:5   | XOM: give mutations
 17893 | Lair:5   | Lost mutation: You expend magic power (3 MP) to strengthen
                  | your wands. [Xom's mischief]
 17893 | Lair:5   | Gained mutation: You are very agile. (Dex +8, Str/Int -2)
                  | [Xom's mischief]
 17906 | Lair:5   | XOM: stat loss: -1 Int (10/12)
 17908 | Lair:5   | XOM: swap monsters
 17932 | Lair:5   | Reached skill level 9 in Evocations
 17942 | Lair:5   | Identified the +0 chain mail "Laagec" {Will+ Str-3 Int+3
                  | Stlth+}
 18100 | Lair:5   | XOM: noise
 18491 | D:3      | Killed Terence
 18681 | D:9      | XOM: god gift: 33 gold pieces
 18897 | D:11     | XOM: summons 1 hostile demon
 18938 | D:11     | Reached skill level 13 in Unarmed Combat
 18950 | D:11     | XOM: noise
 18962 | D:11     | XOM: confuse monster(s)
 19044 | D:11     | Found a staircase to the Orcish Mines.
 19077 | D:11     | Reached XP level 14. HP: 61/66 MP: 27/27
 19127 | D:11     | XOM: god gift: ring mail {god gift}
 19338 | D:11     | XOM: cloud trail
 19356 | Orc:1    | Entered Level 1 of the Orcish Mines
 19360 | Orc:1    | Found a burning altar of Makhleb.
 19479 | Orc:1    | Noticed Gastronok
 19545 | Orc:2    | Entered Level 2 of the Orcish Mines
 19620 | Orc:1    | XOM: chaos upgrade
 19903 | Orc:2    | XOM: smoke on damage
 19907 | Orc:2    | XOM: enchant monster (bad)
 19909 | Orc:2    | XOM: enchant monster (bad)
 19953 | Orc:2    | XOM: summons 4 hostile shadow creatures
 19954 | Orc:2    | XOM: enchant monster (bad)
 20082 | Orc:2    | XOM: chaos upgrade
 20086 | Orc:2    | XOM: polymorph orc warrior -> water moccasin
 20277 | Orc:2    | Reached skill level 14 in Unarmed Combat
 20381 | Orc:2    | Found Ruaheps's Antique Weapon Emporium.
 20381 | Orc:2    | Found Sizeuc's Magic Scroll Shop.
 20436 | Orc:2    | Found Neefix's Distillery.
 20436 | Orc:2    | Found Sutafish's Magic Scroll Shop.
 20437 | Orc:2    | XOM: scenery: 2 doors close
 20478 | Orc:2    | XOM: fog
 20559 | Orc:2    | XOM: polymorph orc -> kobold
 20569 | Orc:2    | XOM: divination: detect creatures
 20583 | Orc:2    | Bought a potion of resistance for 120 gold pieces
 20583 | Orc:2    | Bought a potion of magic for 96 gold pieces
 20583 | Orc:2    | Bought a potion of cancellation for 96 gold pieces
 20583 | Orc:2    | Bought a potion of invisibility for 96 gold pieces
 20583 | Orc:2    | Bought a potion of might for 48 gold pieces
 20670 | Orc:2    | XOM: silly message
 20710 | Orc:2    | Noticed an orc warlord
 20712 | Orc:2    | XOM: enchant monster (bad)
 20713 | Orc:2    | XOM: confuse monster(s)
 20748 | Orc:2    | XOM: 2-stop teleportation journey
 20764 | Orc:2    | XOM: 5-stop teleportation journey
 20804 | Orc:2    | Reached skill level 11 in Hexes
 20840 | Orc:1    | XOM: god gift: book of Minor Magic
 21208 | Orc:2    | Noticed an orc warlord
 21211 | Orc:2    | XOM: cast spell 'Summon Hydra'
 21233 | Orc:2    | XOM: summons friendly crimson imp
 21245 | Orc:2    | Found a staircase to the Elven Halls.
 21267 | Orc:2    | XOM: blink monster(s)
 21295 | Orc:2    | HP: 3/66 [orc warlord/+5 war axe of venom (30)]
 21898 | Orc:2    | XOM: butterfly on damage
 21907 | Orc:2    | Killed an orc warlord
 22540 | D:12     | XOM: scenery: 1 doors close
 22674 | D:12     | Reached skill level 11 in Fighting
 22750 | D:12     | Reached skill level 12 in Hexes
 22762 | D:12     | XOM: 2-stop teleportation journey
 22867 | D:12     | Learned a level 4 spell: Summon Ice Beast
 22871 | D:12     | Learned a level 3 spell: Hailstorm
 22949 | D:12     | XOM: stat loss: -1 Str (5/6)
 22986 | D:12     | XOM: summons 12 friendly demons
 23054 | D:12     | Reached skill level 1 in Ice Magic
 23104 | D:12     | XOM: god gift: 5 stones
 23368 | D:12     | XOM: summons friendly crimson imp
 23488 | D:12     | XOM: summons 2 hostile demons
 23565 | D:12     | XOM: noise
 23652 | D:12     | Found Loose's Magic Scroll Emporium.
 23655 | D:12     | Bought a scroll of fear for 64 gold pieces
 23863 | D:13     | Reached skill level 2 in Ice Magic
 24031 | D:13     | XOM: noise
 24106 | D:13     | Reached skill level 1 in Shapeshifting
 24176 | D:13     | XOM: confuse monster(s)
 24181 | D:13     | XOM: swap monsters
 24186 | D:13     | Reached skill level 2 in Shapeshifting
 24328 | D:13     | Found a portal to a secret trove of treasure.
 24464 | Orc:2    | Bought a scroll of fear for 68 gold pieces
 24464 | Orc:2    | Bought a scroll of fear for 68 gold pieces
 24590 | D:13     | You paid a toll of 6 scrolls of fear to enter a treasure
                  | trove
 24591 | Trove    | Entered a treasure trove
 24598 | Trove    | Identified the amulet of the Republic {Fly Regen+ Dex+3}
 24602 | Trove    | Identified the amulet "Rety Zutifi" {Spirit Int+4}
 24851 | D:14     | Reached skill level 3 in Shapeshifting
 24855 | D:14     | XOM: confuse monster(s)
 24916 | D:14     | XOM: summons friendly crimson imp
 25054 | D:14     | Reached skill level 4 in Shapeshifting
 25113 | D:14     | XOM: chaos upgrade
 25115 | D:14     | XOM: noise
 25117 | D:14     | XOM: blink monster(s)
 25128 | D:14     | Reached XP level 15. HP: 69/71 MP: 22/28
 25177 | D:14     | Reached skill level 5 in Shapeshifting
 25217 | D:14     | Found a gate to the Vaults.
 25496 | D:14     | Noticed a frost giant
 26052 | D:15     | Entered Level 15 of the Dungeon
 26072 | D:15     | XOM: divination: detect items
 26079 | D:15     | Reached skill level 6 in Shapeshifting
 26309 | D:15     | Reached skill level 7 in Shapeshifting
 26422 | D:15     | XOM: divination: detect items
 26441 | D:15     | XOM: silly message
 26472 | D:15     | XOM: confuse monster(s)
 26475 | D:15     | Reached skill level 8 in Shapeshifting
 26723 | D:15     | XOM: 3-stop teleportation journey
 26919 | D:15     | XOM: smoke on damage
 26940 | D:15     | XOM: noise
 26949 | D:15     | XOM: noise
 27009 | D:15     | XOM: summons 1 hostile demon
 27015 | D:15     | Reached skill level 9 in Shapeshifting
 27021 | D:15     | XOM: scenery: create altars
 27082 | D:15     | Found a staircase to the Depths.
 27082 | D:15     | XOM: summons 2 friendly demons
 27433 | Lair:2   | XOM: divination: detect items
 27472 | Lair:2   | Identified the orb "Lanuemio" {*Rage, Will+}
 27540 | Shoals:1 | Entered Level 1 of the Shoals
 27549 | Shoals:1 | Noticed Donald
 27582 | Shoals:1 | Killed Donald
 27583 | Shoals:1 | Reached skill level 10 in Shapeshifting
 27784 | Shoals:1 | XOM: enchant monster (good)
 27790 | Shoals:1 | XOM: cast spell 'Summon Mana Viper'
 27792 | Shoals:1 | XOM: silly message
 27806 | Shoals:1 | XOM: 2-stop teleportation journey
 27852 | Shoals:1 | Reached skill level 11 in Shapeshifting
 28059 | Shoals:1 | XOM: scenery: summon butterflies
 28116 | Shoals:1 | XOM: 2-stop teleportation journey
 28231 | Shoals:1 | XOM: 4-stop teleportation journey
 28338 | Shoals:1 | XOM: 1-stop teleportation journey
 28417 | Shoals:1 | XOM: god gift: book of Beasts
 28426 | Shoals:1 | Learned a level 5 spell: Summon Mana Viper
 28432 | Shoals:1 | XOM: confuse monster(s)
 28440 | Shoals:1 | XOM: divination: magic mapping
 28670 | Shoals:1 | XOM: summons 6 friendly demons
 28678 | Shoals:1 | Reached skill level 12 in Shapeshifting
 28706 | Shoals:1 | XOM: butterfly on damage
 28769 | Shoals:1 | XOM: god gift: dagger {god gift}
 28835 | Shoals:2 | Noticed Ilsuiw
 28854 | Shoals:2 | Reached XP level 16. HP: 75/75 MP: 29/29
 28861 | Shoals:2 | XOM: summons friendly shadow imp
 28865 | Shoals:2 | XOM: scenery: summon butterflies
 28870 | Shoals:2 | XOM: fog
 28881 | Shoals:2 | XOM: fake destruction
 28896 | Shoals:2 | Killed Ilsuiw
 28903 | Shoals:2 | HP: 2/75 [harpy (4)]
 28907 | Shoals:2 | Slain by a harpy
 28987 | Snake:1  | Entered Level 1 of the Snake Pit
 28987 | Snake:1  | Noticed Agnes
 28992 | Snake:1  | Reached skill level 13 in Shapeshifting
 29130 | Snake:1  | Killed Agnes
 29188 | Snake:1  | XOM: smoke on damage
 29306 | Snake:1  | Found an ancient bone altar of Kikubaaqudgha.
 29487 | Snake:1  | Reached skill level 14 in Shapeshifting
 29497 | Snake:1  | Learned a level 4 spell: Vhi's Electric Charge
 29868 | Snake:2  | Reached skill level 1 in Translocations
 29875 | Snake:2  | XOM: potion effect (curing)
 29882 | Snake:2  | Identified the "Sydywos" (Xom gifted it to you on level 2
                  | of the Snake Pit)
 29882 | Snake:2  | XOM: god gift: Xom's Grimoire of the Eternal Fruit
 29892 | Snake:2  | XOM: polymorph salamander -> komodo dragon
 29893 | Snake:2  | Reached skill level 2 in Translocations
 29924 | Snake:2  | Reached skill level 3 in Translocations
 30163 | Snake:2  | XOM: blink monster(s)
 30165 | Snake:2  | Reached skill level 4 in Translocations
 30256 | Snake:2  | XOM: cleaving
 30258 | Snake:2  | Reached skill level 5 in Translocations
 30456 | Snake:2  | XOM: give mutation
 30456 | Snake:2  | Gained mutation: Your mind is acute. (Int +4, Str/Dex -1)
                  | [Xom's grace]
 30587 | Snake:3  | Reached skill level 6 in Translocations
 30642 | Snake:3  | XOM: scenery: create altars
 30708 | Snake:3  | Reached skill level 7 in Translocations
 30719 | Snake:3  | XOM: divination: detect items
 30727 | Snake:3  | XOM: confuse monster(s)
 30730 | Snake:3  | Reached skill level 8 in Translocations
 30767 | Snake:3  | XOM: fake destruction
 30773 | Snake:3  | Reached skill level 9 in Translocations
 30773 | Snake:3  | XOM: scenery: create altars
 30778 | Snake:3  | XOM: confuse monster(s)
 30795 | Snake:3  | XOM: destruction
 30796 | Snake:3  | Found Zed Wo Ack's Vocational Training.
 30813 | Snake:3  | XOM: summons friendly crimson imp
 30818 | Snake:3  | XOM: potion effect (invisibility)
 30822 | Snake:3  | Reached skill level 10 in Translocations
 30890 | Snake:3  | Noticed Bai Suzhen
 30938 | Snake:3  | XOM: summons 4 hostile demons
 30993 | Snake:3  | Killed Bai Suzhen
 31054 | Snake:3  | Reached skill level 11 in Translocations
 31412 | Snake:4  | Entered Level 4 of the Snake Pit
 31415 | Snake:4  | XOM: destruction
 31498 | Snake:4  | Reached skill level 12 in Translocations
 31574 | Snake:4  | XOM: enchant monster (good)
 31667 | Snake:4  | Reached XP level 17. HP: 78/78 MP: 25/30
 31806 | Snake:4  | Reached skill level 13 in Translocations
 31882 | Snake:4  | XOM: give mutations
 31882 | Snake:4  | Gained mutation: Your mind is very acute. (Int +8, Str/Dex
                  | -2) [Xom's grace]
 31882 | Snake:4  | Gained mutation: You passively dampen the noise of your
                  | surroundings. [Xom's grace]
 31936 | Snake:4  | Reached skill level 14 in Translocations
 32042 | Snake:4  | Identified a scroll of acquirement
 32043 | Snake:4  | Identified the "Roivenwiod" (You acquired it on level 4 of
                  | the Snake Pit)
 32043 | Snake:4  | Acquired the Quarto of Obstruction
 32052 | Snake:4  | Learned a level 3 spell: Tukima's Dance
 32057 | Snake:4  | Learned a level 4 spell: Cause Fear
 32079 | Snake:4  | XOM: god gift: pair of pitted boots {god gift}
 32079 | Snake:4  | Identified the +1 pair of boots "Gegicsub" {Harm rElec
                  | rPois Str-4} (Xom gifted it to you on level 4 of the Snake
                  | Pit)
 32299 | Snake:4  | Identified the +1 glaive of Gafaw {heavy, rPois Str+6}
 32304 | Snake:4  | XOM: scenery: summon butterflies
 32361 | Snake:4  | XOM: confuse monster(s)
 32450 | Snake:4  | XOM: god gift: 3 darts of dispersal
 32509 | Snake:4  | XOM: potion effect (invisibility)
 32577 | Snake:4  | HP: 4/90 [guardian serpent (10)]
 32707 | Snake:4  | Reached skill level 5 in Summonings
 32707 | Snake:4  | Reached skill level 1 in Air Magic
 32775 | Snake:4  | XOM: butterfly on damage
 32854 | Snake:4  | XOM: blink monster(s)
 32862 | Snake:4  | XOM: divination: magic mapping
 32871 | Snake:4  | XOM: enchant monster (bad)
 32887 | Snake:4  | Reached skill level 13 in Hexes
 33037 | Snake:4  | Got a serpentine rune of Zot
 33159 | Lair:3   | XOM: silly message
 33354 | Shoals:2 | XOM: polymorph snapping turtle -> death drake
 33412 | Shoals:2 | Reached skill level 2 in Air Magic
 33918 | Shoals:2 | XOM: confuse monster(s)
 34081 | Shoals:3 | XOM: enchant monster (bad)
 34086 | Shoals:3 | XOM: confuse monster(s)
 34105 | Shoals:3 | Reached skill level 12 in Fighting
 34123 | Shoals:3 | XOM: god gift: +2 scimitar of protection
 34208 | Shoals:3 | XOM: potion effect (might)
 34230 | Shoals:3 | Reached skill level 11 in Stealth
 34253 | Shoals:3 | XOM: silly message
 34274 | Shoals:3 | XOM: noise
 34358 | Shoals:3 | XOM: confuse monster(s)
 34359 | Shoals:3 | Reached skill level 3 in Air Magic
 34366 | Shoals:3 | Reached skill level 6 in Summonings
 34473 | Shoals:3 | Identified the granite talisman of Quantum Leap {rF+ Str+4
                  | Dex-2 SInv}
 34473 | Shoals:3 | Noticed Roxanne
 34496 | Shoals:3 | Killed Roxanne
 34685 | Shoals:3 | XOM: god gift: +2 robe of willpower
 34703 | Shoals:3 | XOM: potion effect (attraction)
 34772 | Shoals:3 | Reached XP level 18. HP: 84/84 MP: 22/31
 35306 | Shoals:4 | Identified the "Jubal"
 35306 | Shoals:4 | Entered Level 4 of the Shoals
 35394 | Shoals:4 | Reached skill level 9 in Spellcasting
 35394 | Shoals:4 | Reached skill level 14 in Hexes
 35394 | Shoals:4 | XOM: scenery: summon butterflies
 35656 | Shoals:4 | Learned a level 2 spell: Passwall
 35664 | Shoals:4 | Learned a level 5 spell: Silence
 35730 | Shoals:4 | XOM: confuse monster(s)
 35789 | Shoals:4 | Noticed Mlioglotl
 35806 | Shoals:4 | Killed Mlioglotl
 35880 | Shoals:4 | Reached skill level 4 in Air Magic
 35935 | Shoals:4 | XOM: silly message
 36044 | Shoals:4 | Noticed Polyphemus
 36072 | Shoals:3 | XOM: butterfly on damage
 36086 | Shoals:3 | Killed Polyphemus
 36288 | Shoals:4 | Got a barnacled rune of Zot
 36494 | Lair:3   | XOM: summons friendly chaos spawn
 36501 | Lair:3   | Killed Kirke the fenstrider witch
 36574 | Lair:5   | Reached skill level 12 in Stealth
 36610 | Lair:5   | XOM: cleaving
 36613 | Lair:5   | XOM: confuse monster(s)
 36774 | Lair:5   | Reached skill level 7 in Summonings
 37330 | Vaults:2 | Identified the of Remuenun
 37330 | Vaults:5 | Identified the of Sewosk
 37330 | Crypt:3  | Identified the "Cesu"
 37330 | Depths:1 | Identified the "Anuhetur"
 37330 | Depths:4 | Identified the "Afriwe"
 37330 | Elf:1    | Entered Level 1 of the Elven Halls
 37405 | Elf:1    | Noticed Azrael
 37413 | Elf:1    | Killed Azrael
 37437 | Elf:1    | XOM: blink monster(s)
 37888 | Elf:1    | Found Geruol's Neck Hole.
 37997 | Elf:1    | Reached skill level 5 in Air Magic
 38066 | Elf:1    | Paralysed by an air elemental for 1 turns
 38439 | Elf:1    | XOM: god gift: scroll of immolation
 38530 | Elf:1    | Reached skill level 13 in Fighting
 38534 | Elf:1    | Reached skill level 13 in Stealth
 38712 | Elf:2    | XOM: noise
 38722 | Elf:2    | XOM: 1-stop teleportation journey
 38791 | Elf:2    | Reached XP level 19. HP: 89/89 MP: 33/33
 38946 | Elf:2    | XOM: smoke on damage
 38954 | Elf:2    | Reached skill level 10 in Spellcasting
 39002 | Elf:2    | Reached skill level 8 in Summonings
 39161 | Elf:2    | XOM: scenery: 1 doors open, 1 doors close
 39286 | Elf:2    | Found a runed translucent gate.
 39287 | Elf:2    | Found a runed translucent gate.
 39287 | Elf:2    | Found a runed translucent gate.
 39290 | Elf:2    | XOM: give mutation
 39290 | Elf:2    | Gained mutation: You expend magic power (3 MP) to
                  | strengthen your wands. [Xom's grace]
 39504 | Elf:2    | XOM: god gift: 48 gold pieces
 39534 | Elf:2    | Reached skill level 6 in Air Magic
 39660 | Elf:2    | XOM: polymorph mana viper -> goliath frog
 39665 | Elf:2    | XOM: enchant monster (good)
 39669 | Elf:2    | XOM: summons 1 hostile demon
 39832 | Elf:2    | XOM: scenery: create altars
 39987 | Elf:3    | Identified the of Getyin Roha
 39987 | Elf:3    | Identified the "Kabeggiph"
 39987 | Elf:3    | Identified the of Gasat
 39987 | Elf:3    | Entered Level 3 of the Elven Halls
 40005 | Elf:3    | Reached skill level 14 in Stealth
 40074 | Elf:3    | Found Qoezamim's Jewellery Shoppe.
 40075 | Elf:3    | Found Cihude's Book Shop.
 40076 | Elf:3    | Found Loapp's Jewellery Shoppe.
 40138 | Elf:3    | Found a flickering gateway to a bazaar.
 40145 | Bazaar   | Entered a bazaar
 40158 | Bazaar   | Found Dois's Magic Scroll Shoppe.
 40163 | Bazaar   | Bought a scroll of fear for 36 gold pieces
 40163 | Bazaar   | Bought a scroll of teleportation for 27 gold pieces
 40163 | Bazaar   | Bought a scroll of butterflies for 36 gold pieces
 40163 | Bazaar   | Bought a scroll of teleportation for 27 gold pieces
 40163 | Bazaar   | Bought a scroll of blinking for 67 gold pieces
 40163 | Bazaar   | Bought a scroll of immolation for 36 gold pieces
 40171 | Bazaar   | Found Rauh Huni's General Store.
 40175 | Bazaar   | Found Ekketeon's Antique Armour Boutique.
 40177 | Bazaar   | Bought a scroll of fog for 40 gold pieces
 40180 | Bazaar   | Found Peuxokob's Antique Armour Shoppe.
 40436 | Elf:3    | XOM: divination: detect items
 40439 | Elf:3    | XOM: destruction
 40826 | Elf:3    | XOM: scenery: 1 doors open, 2 doors close
 40931 | Elf:3    | XOM: 1-stop teleportation journey
 41086 | Elf:3    | Reached skill level 7 in Air Magic
 41190 | Elf:3    | XOM: give mutations
 41190 | Elf:3    | Gained mutation: You have very sharp fingernails. [Xom's
                  | grace]
 41190 | Elf:3    | Gained mutation: You have an increased reservoir of magic.
                  | (+10% MP) [Xom's grace]
 41474 | Elf:3    | Identified the amulet of Greed {Acrobat rC+++}
 41515 | Elf:3    | Reached skill level 14 in Fighting
 41515 | Elf:3    | Reached skill level 11 in Spellcasting
 41568 | Elf:3    | Identified the +2 lajatang of Disaster {elec, rCorr}
 41627 | Elf:3    | Identified the +5 chain mail of Gozag's Generosity {Harm
                  | Dex+2 SInv}
 41632 | Elf:3    | XOM: fog
 41644 | Elf:3    | XOM: smoke on damage
 41787 | Elf:3    | XOM: give mutations
 41787 | Elf:3    | Gained mutation: You are partially covered in large bone
                  | plates. (SH +4) [Xom's grace]
 41787 | Elf:3    | Gained mutation: You are completely covered in iridescent
                  | scales. (AC +6) [Xom's grace]
 41787 | Elf:3    | Gained mutation: Your muscles are strong. (Str +4, Int/Dex
                  | -1) [Xom's grace]
 41945 | Elf:3    | Identified the +2 shortbow "Dohavis" {freeze, Drain Dex+4}
 41986 | Elf:3    | Identified the staff of Misery {rElec rF+ Will+ Fire}
 42148 | Elf:3    | XOM: give mutations
 42148 | Elf:3    | Gained mutation: Your skin changes colour to match your
                  | surroundings (Stealth+). [Xom's grace]
 42148 | Elf:3    | Gained mutation: You have a considerably increased
                  | reservoir of magic. (+20% MP) [Xom's grace]
 42148 | Elf:3    | Gained mutation: You are strong-willed. (Will+) [Xom's
                  | grace]
 42273 | Elf:1    | XOM: noise
 42333 | Elf:1    | XOM: silly message
 42483 | Vaults:1 | Entered Level 1 of the Vaults
 42710 | Vaults:1 | Noticed Norris
 42710 | Vaults:1 | Noticed Zenata
 42768 | Vaults:1 | XOM is BORED!
 42936 | Vaults:1 | XOM: potion effect (experience)
 42936 | Vaults:1 | Reached skill level 10 in Evocations
 42936 | Vaults:1 | Reached XP level 20. HP: 96/96 MP: 40/43
 43006 | Vaults:1 | XOM: confuse monster(s)
 43060 | Vaults:1 | XOM: scenery: 1 doors close
 43090 | Vaults:1 | Found Gozag's Antique Weapon Shoppe.
 43095 | Vaults:1 | Found an opulent altar of Gozag.
 43097 | Vaults:1 | Found Gozag's Antique Armour Shoppe.
 43100 | Vaults:1 | Noticed Saint Roka
 43102 | Vaults:1 | Found Gozag's Antique Armour Emporium.
 43109 | Vaults:1 | XOM: enchant monster (bad)
 43341 | Vaults:1 | Reached XP level 21. HP: 99/99 MP: 41/45
 43463 | Vaults:1 | XOM: polymorph ironbound preserver -> quicksilver ooze
 43465 | Vaults:1 | XOM: summons friendly quasit
 43472 | Vaults:1 | XOM: polymorph mana viper -> minotaur
 43475 | Vaults:1 | Killed Saint Roka
 43886 | Vaults:1 | Killed Norris
 43887 | Vaults:1 | Reached skill level 11 in Evocations
 43889 | Vaults:1 | Reached skill level 12 in Spellcasting
 43957 | Vaults:1 | XOM: god gift: 694 gold pieces
 44171 | Vaults:1 | XOM: scenery: 2 doors close
 44285 | Vaults:1 | XOM: cloud trail
 44384 | Vaults:1 | Killed Zenata
 44542 | Vaults:1 | XOM: scenery: 1 doors close
 44546 | Vaults:1 | Reached skill level 9 in Summonings
 44717 | Vaults:1 | XOM: cleaving
 45023 | Vaults:2 | XOM: chaos cloud
 45045 | Vaults:2 | XOM: scenery: 1 doors open
 45054 | Vaults:2 | XOM: polymorph yaktaur -> unseen horror
 45059 | Vaults:2 | Reached skill level 12 in Evocations
 45341 | Vaults:2 | XOM: divine lightning
 45368 | Vaults:2 | Reached skill level 10 in Summonings
 45385 | Vaults:2 | XOM: divination: magic mapping
 45703 | Vaults:2 | XOM: give mutations
 45703 | Vaults:2 | Gained mutation: You are highly strong-willed. (Will++)
                  | [Xom's grace]
 45703 | Vaults:2 | Gained mutation: Your muscles are very strong. (Str +8,
                  | Int/Dex -2) [Xom's grace]
 45703 | Vaults:2 | Gained mutation: Your spells are a little harder to cast,
                  | but a little more powerful. [Xom's grace]
 45843 | Vaults:2 | XOM: scenery: 2 doors open
 45854 | Vaults:2 | XOM: scenery: 2 doors close
 45863 | Vaults:2 | Reached skill level 13 in Spellcasting
 45893 | Vaults:2 | XOM: god gift: atropa-tipped dart
 46298 | Vaults:2 | XOM: god gift: 768 gold pieces
 46304 | Vaults:2 | Found a staircase to the Crypt.
 46504 | Vaults:2 | XOM: god gift: 57 gold pieces
 46765 | Vaults:3 | XOM: summons 3 friendly demons
 46872 | Vaults:3 | Reached skill level 13 in Evocations
 46926 | Vaults:3 | Reached skill level 11 in Summonings
 46989 | Vaults:3 | XOM: divination: magic mapping
 47001 | Vaults:3 | XOM: silly message
 47269 | Vaults:3 | Noticed Boris
 47282 | Vaults:3 | Killed Boris
 47563 | Vaults:3 | Reached XP level 22. HP: 79/104 MP: 30/48
 47572 | Vaults:3 | XOM: silly message
 47655 | Vaults:3 | XOM: smoke on damage
 47810 | Vaults:3 | XOM: stat loss: -1 Int (22/23)
 47914 | Vaults:3 | XOM: torment (99/120 hp)
 48117 | Vaults:3 | Found Hogodid's Antique Armour Shop.
 48389 | Vaults:4 | XOM: divine lightning
 48469 | Vaults:4 | XOM: silly message
 48472 | Vaults:4 | Noticed Margery
 48476 | Vaults:4 | XOM: summons 3 friendly demons
 48480 | Vaults:4 | XOM: swap monsters
 48484 | Vaults:4 | Reached skill level 14 in Spellcasting
 48488 | Vaults:4 | Reached skill level 14 in Evocations
 48494 | Vaults:4 | Killed Margery
 48495 | Vaults:4 | Reached skill level 12 in Summonings
 48748 | Vaults:4 | XOM: swap monsters
 48753 | Vaults:4 | XOM: enchant monster (good)
 48935 | Vaults:4 | XOM: smoke on damage
 49029 | Vaults:4 | XOM: scenery: 1 doors close
 49036 | Vaults:4 | XOM: noise
 49889 | Depths:1 | Entered Level 1 of the Depths
 49889 | Depths:1 | Noticed Mara
 49891 | Depths:1 | Killed Mara
 50021 | Depths:1 | XOM: divination: detect items
 50055 | Depths:1 | Found a one-way gate leading to the halls of Pandemonium.
 50195 | Depths:1 | XOM: blink monster(s)
 50260 | Depths:1 | Noticed Boris
 50292 | Depths:1 | Killed Boris
 50354 | Depths:1 | Reached skill level 13 in Summonings
 50454 | Depths:1 | Found a gateway to Hell.
 50478 | Depths:1 | Found a glowing golden altar of the Shining One.
 50711 | Depths:2 | Found a one-way gate to the infinite horrors of the Abyss.
 50739 | Depths:2 | You fall into a shaft and drop 2 floors!
 50739 | Depths:4 | Entered Level 4 of the Depths
 50744 | Depths:4 | XOM: swap monsters
 50750 | Depths:4 | XOM: blink monster(s)
 50846 | Depths:4 | XOM: noise
 50957 | Depths:4 | Noticed a juggernaut
 50968 | Depths:4 | Killed a juggernaut
 50993 | Depths:4 | Reached skill level 14 in Summonings
 51010 | Depths:3 | XOM: silly message
 51086 | Depths:4 | XOM: smoke on damage
 51090 | Depths:4 | XOM: silly message
 51161 | Depths:3 | XOM: swap monsters
 51172 | Depths:3 | Found a transporter.
 51175 | Depths:3 | Noticed a golden dragon
 51184 | Depths:3 | XOM: swap monsters
 51188 | Depths:3 | XOM: give mutations
 51188 | Depths:3 | Lost mutation: Your mind is very acute. (Int +8, Str/Dex
                  | -2) [Xom's mischief]
 51188 | Depths:3 | Lost mutation: You have a pair of small horns on your head.
                  | [Xom's mischief]
 51190 | Depths:3 | XOM: smoke on damage
 51382 | Depths:3 | Found a transporter.
 51390 | Depths:3 | XOM: enchant monster (bad)
 51393 | Depths:3 | XOM: confuse monster(s)
 51400 | Depths:3 | XOM: fog
 51404 | Depths:3 | XOM: confuse monster(s)
 51413 | Depths:3 | XOM: scenery: summon butterflies
 51417 | Depths:3 | Found Wuguxkeyt's General Store.
 51417 | Depths:3 | XOM: 6-stop teleportation journey
 51431 | Depths:3 | XOM: divination: magic mapping
 51436 | Depths:3 | Slain by an iron troll
 51451 | Depths:3 | Reached skill level 1 in Earth Magic
 51508 | Depths:3 | XOM: divine lightning
 51510 | Depths:3 | XOM: cleaving
 51512 | Depths:3 | XOM: scenery: create altars
 51516 | Depths:3 | Reached XP level 23. HP: 30/108 MP: 23/51
 51522 | Depths:3 | Reached skill level 2 in Earth Magic
 51730 | Depths:3 | XOM: divination: detect items
 51802 | Depths:3 | Reached skill level 3 in Earth Magic
 51846 | Depths:3 | Bought a scroll of blinking for 97 gold pieces
 51846 | Depths:3 | Bought a potion of curing for 39 gold pieces
 51866 | Depths:2 | XOM: 2-stop teleportation journey
 51872 | Depths:2 | Reached skill level 8 in Air Magic
 51905 | Depths:2 | XOM: scenery: 2 doors open
 52058 | Depths:2 | Reached skill level 4 in Earth Magic
 52251 | Depths:2 | XOM: fog
 52516 | Depths:2 | XOM: enchant monster (good)
 52621 | Depths:2 | Reached skill level 5 in Earth Magic
 52624 | Depths:2 | XOM: cast spell 'Dispersal'
 52655 | Depths:2 | Reached skill level 9 in Air Magic
 52746 | Depths:2 | Found a one-way gateway to a ziggurat.
 52809 | Depths:2 | Found Gittucoc's Assorted Antiques.
 52821 | Depths:2 | Bought 2 potions of curing for 186 gold pieces
 52821 | Depths:2 | Bought a potion of heal wounds for 155 gold pieces
 52821 | Depths:2 | Bought a scroll of poison for 124 gold pieces
 52904 | Depths:2 | Reached skill level 6 in Earth Magic
 52914 | Depths:2 | XOM: give mutation
 52914 | Depths:2 | Gained mutation: You are somewhat resistant to further
                  | mutation. [Xom's grace]
 53041 | Depths:2 | XOM: scenery: summon butterflies
 53399 | Depths:3 | XOM: god gift: 5 large rocks
 53418 | Depths:3 | XOM: give mutation
 53418 | Depths:3 | Gained mutation: Your natural rate of healing is unusually
                  | fast. [Xom's grace]
 53441 | Depths:3 | XOM: 1-stop teleportation journey
 53578 | Depths:3 | Noticed a caustic shrike
 53584 | Depths:3 | Killed a caustic shrike
 53592 | Depths:3 | XOM: polymorph fire dragon -> goliath frog
 53616 | Depths:3 | Noticed a caustic shrike
 53732 | Depths:3 | Killed a caustic shrike
 53733 | Depths:3 | Reached skill level 10 in Air Magic
 53733 | Depths:3 | XOM: summons 9 friendly demons
 53739 | Depths:3 | XOM: smoke on damage
 53741 | Depths:3 | Reached skill level 7 in Earth Magic
 53774 | Depths:3 | XOM: polymorph fire giant -> sphinx
 53846 | Depths:3 | Identified the ring of Ronat {rC+ Will+}
 53854 | Depths:3 | Identified the ring "Diubleet" {rCorr Str+2}
 54030 | Depths:4 | Found a shadowy altar of Dithmenos.
 54030 | Depths:4 | Found a basalt altar of Yredelemnul.
 54036 | Depths:4 | Found a white marble altar of Elyvilon.
 54068 | Depths:4 | Noticed Boris
 54081 | Depths:4 | Killed Boris
 54187 | Depths:4 | Reached skill level 8 in Earth Magic
 54237 | Depths:4 | Found a gate to the Realm of Zot.
 54418 | Depths:4 | XOM: fog
 54426 | Depths:4 | Reached skill level 11 in Air Magic
 54582 | Depths:4 | Noticed a caustic shrike
 54582 | Depths:4 | XOM: cast spell 'Metabolic Englaciation'
 54590 | Depths:4 | Killed a caustic shrike
 54651 | Depths:4 | XOM: polymorph spriggan air mage -> quicksilver ooze
 54664 | Depths:4 | Reached skill level 9 in Earth Magic
 54679 | Depths:4 | Noticed a caustic shrike
 54687 | Depths:4 | Killed a caustic shrike
 54735 | Depths:4 | Noticed a juggernaut
 54743 | Depths:4 | Killed a juggernaut
 54789 | Depths:4 | Noticed a juggernaut
 54790 | Depths:4 | XOM: summons friendly quasit
 54793 | Depths:4 | Reached XP level 24. HP: 109/112 MP: 42/51
 54797 | Depths:4 | XOM: enchant monster (good)
 54799 | Depths:4 | XOM: cast spell 'Summon Hydra'
 54804 | Depths:4 | Killed a juggernaut
 54825 | Depths:4 | Reached skill level 12 in Air Magic
 54852 | Depths:4 | XOM: give mutations
 54852 | Depths:4 | Lost mutation: You have a somewhat thin skeletal structure.
                  | (Dex +2, Stealth+) [Xom's mischief]
 54852 | Depths:4 | Lost mutation: You are partially covered in large bone
                  | plates. (SH +4) [Xom's mischief]
 54852 | Depths:4 | Lost mutation: You are somewhat resistant to further
                  | mutation. [Xom's mischief]
 54885 | Depths:4 | Reached skill level 10 in Earth Magic
 55014 | Depths:4 | XOM: confuse monster(s)
 55134 | Depths:4 | XOM: 1-stop teleportation journey
 55213 | Depths:4 | XOM: noise
 55230 | Depths:4 | Identified the +7 long sword of Incongruity {flame, rF+ rC-
                  | MP+9}
 55230 | Depths:4 | Identified the ring "Nusimn" {Wiz +Blink rElec Will+ Str+3}
 55393 | Depths:4 | Identified the +8 flail of Instant Death {flame, rN+ Str+3}
 55398 | Depths:4 | Acquired 898 gold pieces
 55695 | D:15     | XOM: divination: magic mapping
 55889 | Orc:2    | Bought a scroll of blinking for 127 gold pieces
 55889 | Orc:2    | Bought a scroll of blinking for 127 gold pieces
 55889 | Orc:2    | Bought a scroll of revelation for 127 gold pieces
 55889 | Orc:2    | Bought a scroll of fog for 68 gold pieces
 55955 | D:11     | XOM: cloud trail
 56145 | Vaults:5 | Entered Level 5 of the Vaults
 56150 | Vaults:5 | Noticed a dread lich
 56165 | Vaults:5 | XOM: cast spell 'Death Channel'
 56168 | Vaults:5 | Killed a dread lich
 56168 | Vaults:5 | Noticed a dread lich
 56169 | Vaults:5 | XOM: cast spell 'Call Canine Familiar'
 56173 | Vaults:5 | Killed a dread lich
 56174 | Vaults:5 | Reached skill level 13 in Air Magic
 56174 | Vaults:5 | Reached skill level 11 in Earth Magic
 56219 | Vaults:5 | XOM: cast spell 'Dispersal'
 56273 | Vaults:5 | XOM: scenery: 1 doors open
 56515 | Vaults:5 | XOM: enchant monster (good)
 56529 | Vaults:5 | XOM: summons 3 friendly demons
 56537 | Vaults:5 | XOM: give mutations
 56537 | Vaults:5 | Lost mutation: Your flesh is almost immune to the effects
                  | of heat. (rF+++) [Xom's mischief]
 56537 | Vaults:5 | Lost mutation: Your system is resistant to poisons. (rPois)
                  | [Xom's mischief]
 56537 | Vaults:5 | Lost mutation: You are completely covered in iridescent
                  | scales. (AC +6) [Xom's mischief]
 56542 | Vaults:5 | XOM: cast spell 'Monstrous Menagerie'
 56663 | Vaults:5 | Reached skill level 12 in Earth Magic
 56670 | Vaults:5 | XOM: scenery: summon butterflies
 56862 | Vaults:5 | Identified the +1 leather armour of Divine Compulsion {+Inv
                  | rC+ Str+3}
 56867 | Vaults:5 | Got a silver rune of Zot
 56991 | Vaults:5 | Identified the ring of the Endless Expanse {rN+ rCorr
                  | Int+2}
 56992 | Vaults:5 | Identified the +4 morningstar "Ogrebane" {holy, rC+ rN+
                  | Str+3}
 56993 | Vaults:5 | Reached skill level 14 in Air Magic
 56994 | Vaults:5 | XOM: fog
 57101 | Vaults:5 | XOM: fog
 57131 | Vaults:5 | Identified the +1 leather armour "Xumydece" {-Tele Rampage
                  | rCorr}
 57132 | Vaults:5 | XOM: god gift: +4 ring mail of fire resistance
 57133 | Vaults:5 | XOM: cleaving
 57284 | Vaults:5 | XOM: enchant monster (good)
 57317 | Vaults:5 | XOM: fake destruction
 57319 | Vaults:5 | XOM: summons friendly ufetubus
 57331 | Vaults:5 | Reached skill level 13 in Earth Magic
 57657 | Vaults:5 | XOM: summons 2 friendly demons
 57672 | Vaults:5 | Reached XP level 25. HP: 49/115 MP: 11/51
 57774 | Vaults:5 | XOM: stat loss: -1 Int (18/19)
 57831 | Vaults:5 | XOM: enchant monster (bad)
 58386 | Crypt:1  | Entered Level 1 of the Crypt
 58510 | Crypt:1  | Reached skill level 14 in Earth Magic
 58775 | Crypt:1  | Noticed Boris
 58785 | Crypt:1  | XOM: 3-stop teleportation journey
 58832 | Crypt:1  | Identified the serpent talisman of Evolution {rN+ Will+
                  | Stlth+}
 58832 | Crypt:1  | Noticed Aizul
 58838 | Crypt:1  | Identified the ring "Meef" {Ice Dex+2}
 58838 | Crypt:1  | Noticed Josephina
 58842 | Crypt:1  | Killed Aizul
 58842 | Crypt:1  | XOM: polymorph mana viper -> six-headed hydra
 58854 | Crypt:1  | Killed Josephina
 58858 | Crypt:1  | XOM: summons 6 friendly demons
 58971 | Crypt:1  | XOM: give mutations
 58971 | Crypt:1  | Lost mutation: You have a considerably increased reservoir
                  | of magic. (+20% MP) [Xom's mischief]
 58971 | Crypt:1  | Lost mutation: Your flesh is cold resistant. (rC+) [Xom's
                  | mischief]
 58971 | Crypt:1  | Lost mutation: You expend magic power (3 MP) to strengthen
                  | your wands. [Xom's mischief]
 58971 | Crypt:1  | Lost mutation: Your natural rate of healing is unusually
                  | fast. [Xom's mischief]
 59046 | Crypt:1  | XOM: polymorph mana viper -> bunyip
 59073 | Crypt:1  | Noticed Vv
 59083 | Crypt:1  | XOM: smoke on damage
 59090 | Crypt:1  | Killed Vv
 59312 | Crypt:1  | Reached skill level 1 in Transmutations
 59318 | Crypt:1  | Reached skill level 1 in Conjurations
 59450 | Crypt:1  | Killed Boris
 59451 | Crypt:1  | Reached skill level 2 in Transmutations
 59489 | Crypt:1  | XOM: noise
 59492 | Crypt:1  | Reached skill level 2 in Conjurations
 59509 | Crypt:1  | Found a runed translucent door.
 59510 | Crypt:1  | Noticed a dread lich
 59650 | Crypt:1  | XOM: cleaving
 59655 | Crypt:1  | Reached skill level 3 in Transmutations
 59763 | Crypt:1  | Killed a dread lich
 59764 | Crypt:1  | Reached skill level 3 in Conjurations
 59833 | Crypt:2  | Reached skill level 4 in Transmutations
 59837 | Crypt:2  | XOM: cleaving
 59887 | Crypt:2  | Noticed Mennas
 59895 | Crypt:2  | Killed Mennas
 59896 | Crypt:2  | Reached skill level 4 in Conjurations
 59928 | Crypt:2  | Reached skill level 5 in Transmutations
 60015 | Crypt:2  | XOM: summons 2 friendly demons
 60019 | Crypt:2  | XOM: summons 12 friendly demons
 60023 | Crypt:2  | XOM: confuse monster(s)
 60285 | Crypt:2  | XOM: silly message
 60309 | Crypt:2  | Reached skill level 6 in Transmutations
 60425 | Crypt:2  | Reached skill level 5 in Conjurations
 60919 | Orc:2    | Bought a scroll of teleportation for 48 gold pieces
 60919 | Orc:2    | Bought a scroll of teleportation for 48 gold pieces
 60919 | Orc:2    | Bought a scroll of revelation for 120 gold pieces
 61286 | Depths:4 | XOM: divination: magic mapping
 61323 | Zot:1    | Entered Level 1 of the Realm of Zot
 61360 | Zot:1    | XOM: smoke on damage
 61396 | Zot:1    | Reached skill level 7 in Transmutations
 61398 | Zot:1    | Killed from afar by a purple draconian shifter
 61420 | Zot:1    | Reached skill level 6 in Conjurations
 61580 | Zot:1    | XOM: divination: detect items
 61887 | Zot:1    | XOM: polymorph quicksilver dragon -> iron troll
 62607 | Crypt:3  | Entered Level 3 of the Crypt
 62801 | Crypt:3  | XOM: give mutations
 62801 | Crypt:3  | Gained mutation: You are completely covered in iridescent
                  | scales. (AC +6) [Xom's grace]
 62801 | Crypt:3  | Gained mutation: You expend magic power (3 MP) to
                  | strengthen your wands. [Xom's grace]
 62801 | Crypt:3  | Gained mutation: You have a considerably increased
                  | reservoir of magic. (+20% MP) [Xom's grace]
 62896 | Crypt:3  | Reached skill level 8 in Transmutations
 62952 | Crypt:3  | XOM: enchant monster (good)
 62954 | Crypt:3  | XOM: give mutations
 62954 | Crypt:3  | Gained mutation: You have claws for hands. [Xom's grace]
 62954 | Crypt:3  | Gained mutation: You passively map the area around you.
                  | [Xom's grace]
 62954 | Crypt:3  | Gained mutation: You have a pair of small horns on your
                  | head. [Xom's grace]
 62954 | Crypt:3  | Gained mutation: Your mind is very acute. (Int +8, Str/Dex
                  | -2) [Xom's grace]
 62967 | Crypt:3  | Noticed Boris
 63456 | Crypt:2  | XOM: silly message
 63515 | Crypt:2  | Reached skill level 7 in Conjurations
 63658 | Crypt:2  | XOM: silly message
 63722 | Crypt:2  | Identified the +12 war axe "Afo Qiat" {chaos, rC+ Int+3}
 63781 | Crypt:2  | XOM: stat loss: -1 Int (22/23)
 63814 | Crypt:2  | XOM: swap monsters
 64031 | Crypt:2  | Killed Boris
 64032 | Crypt:2  | Reached skill level 9 in Transmutations
 64280 | Crypt:2  | XOM: blink monster(s)
 64281 | Crypt:2  | XOM: summons 2 hostile demons
 64366 | Crypt:2  | XOM: stat loss: -1 Int (22/23)
 64390 | Crypt:2  | XOM: noise
 64514 | Crypt:3  | XOM: silly message
 64552 | Crypt:3  | XOM: divination: detect creatures
 64553 | Crypt:2  | XOM: summons friendly crimson imp
 64566 | Crypt:2  | Reached skill level 8 in Conjurations
 64672 | Crypt:2  | XOM: noise
 64677 | Crypt:3  | XOM: noise
 64988 | Crypt:3  | Found a staircase to the Tomb.
 65147 | Crypt:3  | Found an ancient bone altar of Kikubaaqudgha.
 65148 | Crypt:3  | XOM: blink monster(s)
 65155 | Crypt:3  | Reached skill level 10 in Transmutations
 65155 | Crypt:3  | Found a basalt altar of Yredelemnul.
 65162 | Crypt:3  | Reached XP level 26. HP: 99/120 MP: 38/51
 65270 | Crypt:3  | Identified the +10 kite shield of the Onion {rF+}
 65347 | Crypt:1  | XOM: draining
 65506 | D:15     | XOM: give mutation
 65506 | D:15     | Gained mutation: Your flesh is almost immune to the effects
                  | of heat. (rF+++) [Xom's grace]
 65718 | Zot:1    | XOM: torment (108/128 hp)
 65730 | Zot:1    | XOM: cleaving
 65818 | Zot:2    | Identified the "Uliridoeg"
 65956 | Zot:3    | XOM: 7-stop teleportation journey
 65987 | Zot:3    | Reached skill level 9 in Conjurations
 66041 | Zot:3    | Learned a level 1 spell: Apportation
 66066 | Zot:5    | Entered Level 5 of the Realm of Zot
 66154 | Zot:5    | Noticed an orb of fire
 66154 | Zot:5    | Noticed an orb of fire
 66154 | Zot:5    | Noticed an orb of fire
 66154 | Zot:5    | Noticed an orb of fire
 66154 | Zot:5    | Noticed an orb of fire
 66154 | Zot:5    | Noticed a dread lich
 66157 | Zot:5    | Got the Orb of Zot
 66161 | Zot:5    | Noticed an orb of fire
 66161 | Zot:5    | Noticed an orb of fire
 66161 | Zot:5    | Noticed an ancient lich
 66162 | Zot:5    | Noticed an orb of fire
 66163 | Zot:5    | Noticed an orb of fire
 66199 | Zot:5    | Reached skill level 11 in Transmutations
 66327 | Depths:4 | XOM: smoke on damage
 66328 | Depths:4 | Noticed Cysaj the pandemonium lord
 66331 | Depths:4 | Noticed Ocil the pandemonium lord
 66331 | Depths:4 | Noticed an ancient lich
 66377 | Depths:3 | Noticed Zaxigir the pandemonium lord
 66554 | D:14     | Noticed Jelop the pandemonium lord
 66620 | D:9      | XOM: scenery: summon butterflies
 66632 | D:9      | Reached skill level 10 in Conjurations
 66730 | D:6      | Reached skill level 12 in Transmutations
 66888 | D:$      | Escaped with the Orb!

Illustrated notes

Levels and vault maps discovered:
D:1:      roderic_crossed_star, layout_loops_corners, minmay_misc_feat_square,
          nrook_mini_backslash, roderic_roman_lattice, st_stairs_4
D:2:      minmay_angry_zag, layout_rooms
D:3:      layout_basic, hellmonk_ecumenical_altar_leap_of_faith, uniq_terence
D:4:      layout_cave_pods, kennysheep_mini, chequers_serial_rivers_room_b
D:5:      layout_cave_pools, nicolae_overflow_two_pavilions,
          minmay_temple_entry_mist, grunt_ministairs_15
D:6:      layout_rooms, minmay_misc_feat_room, grunt_decor_junction
D:7:      layout_loops_ring, minmay_misc_feat_nine_boxes, uniq_pikel
D:8:      layout_rooms, beargit_hepliaklqana_dungeon_heroes, fedhas_altar_4,
          dpeg_lair_monsters, enter_bailey_2, wad_rectangle_vault
D:9:      layout_stronghold, uniq_erica
D:10:     old_forge, layout_basic, minivault_25, minmay_misc_feat_chi
D:11:     layout_big_octagon, minmay_orc_entry_temple_small,
          corexii_corridor_pit
D:12:     layout_gridville, special_room [special_room_bee], serial_shops,
          nicolae_shop_rolled_up, nrook_mini_vaults
D:13:     layout_roguey, enter_trove_1
D:14:     minmay_outward_triangles, layout_cave_pods, hellmonk_vaults_keyhole
D:15:     grunt_enter_depths_magical_seal, layout_loops_ring, special_room
          [special_room_orc]
Lair:1:   layout_roguey, nicolae_volcano_entry_lava_flow, lemuel_another_geyser
Lair:2:   minmay_lair_oklob_chamber, layout_chaotic_city, minivault_11
Lair:3:   layout_loops_ring, minmay_shoals_entry_centaurs,
          guppyfry_snake_entry_island, cheibrodos_lair_reptile_den
Lair:4:   layout_cave_shapes, minmay_slime_entry_pillars, grunt_megastairs_4,
          lemuel_fruit_tree, uniq_kirke
Lair:5:   hangedman_lair_caniforms_friends, layout_regular_city, wormcave,
          st_stairs_8, infiniplex_staircase_pool, serial_bayou_shore_b
Shoals:1: cheibrodos_shoals_epimethial_gifts, layout_shoals, uniq_donald
Shoals:2: cheibrodos_shoals_baths, layout_shoals, uniq_ilsuiw
Shoals:3: cheibrodos_shoals_oceanic_diplomacy, layout_shoals, uniq_roxanne
Shoals:4: shoals_end_grunt_ice, layout_shoals, shoals_ilsuiw_ice,
          uniq_polyphemus, uniq_mlioglotl
Snake:1:  layout_rooms, basic_altar, serial_bayou_shore_a, uniq_agnes
Snake:2:  layout_grid_maze
Snake:3:  layout_misc_corridors, nicolae_shop_vocational, uniq_bai_suzhen
Snake:4:  johnstein_snake_rune_scales, layout_grid_maze
Orc:1:    layout_caves, basic_altar, bloody_makhleb, uniq_gastronok
Orc:2:    st_orc_town, layout_diamond_mine
Elf:1:    eino_elf_arrival_sip, layout_gridlike,
          hangedman_elven_crosses_minicolossus,
          nicolae_shop_sticking_my_neck_out, roderic_lattice_octagonal_star,
          uniq_azrael
Elf:2:    nicolae_elf_blades_crystal_corner, layout_gridlike
Elf:3:    minmay_elf_hall_not_hex, layout_gridlike, serial_shops,
          bzr_entry_safe, minmay_shop_grove
Vaults:1: vaults_room_octagon, v_misc_23, nicolae_vaults_sightless_eye,
          nicolae_vaults_sesquioval_fish, ontoclasm_vaults_ring_large,
          vaults_standard_mumra_lines, kennysheep_vaults_gozag_temple,
          nicolae_vaults_double_plus_2, nicolae_vaults_tetromino_L_1,
          vaults_room_grunt_arrival_ludios, nicolae_vaults_shelves_hall,
          nicolae_vaults_meiosis, nicolae_vaults_tangram_1,
          ontoclasm_vaults_gateway, nicolae_vaults_trapezoid_3,
          nicolae_vaults_border_crossing, vaults_dpeg_encased_lava,
          layout_vaults_big_cross, uniq_zenata, uniq_saint_roka, uniq_norris
Vaults:2: minmay_crypt_entry_skeletal_spiral,
          nicolae_vaults_diffraction_hallways, vaults_mumra_minichess_inversion,
          vaults_room_boxed, nicolae_vaults_alarming, vaults_room_ringed_pool,
          nicolae_vaults_specimen_jars, nicolae_vaults_double_plus_1,
          nicolae_vaults_theta, vaults_dpeg_diagonal, nicolae_vaults_little_ls,
          nicolae_vaults_gold_heap, ontoclasm_vaults_decontamination,
          nicolae_vaults_mini_display_case, layout_vaults_chaotic_city
Vaults:3: nicolae_vaults_diamond_2, nicolae_vaults_closet_pinwheel_4,
          ontoclasm_vaults_spin, nicolae_vaults_network_star, v_misc_25,
          nicolae_vaults_theta, hangedman_vaults_nodes, v_misc_1, v_misc_33,
          serial_library_hellmonk_reading_circle, layout_vaults_ring,
          serial_shops, shop, uniq_boris
Vaults:4: v_misc_29, vaults_room_corners, vaults_room_door_ring, v_misc_11,
          vaults_dpeg_ring, ontoclasm_vaults_ligature,
          nicolae_vaults_little_squares_6, layout_vaults_omnigrid, uniq_margery
Vaults:5: serial_shops
Crypt:1:  cheibrodos_crypt_cold_storage, layout_regular_city,
          serial_library_regret_index_closets, grunt_crypt_arrival_webbed,
          uniq_josephina, uniq_vv, uniq_aizul
Crypt:2:  layout_rooms, uniq_mennas
Crypt:3:  lightli_unholy_cathedral, layout_chaotic_city,
          nicolae_tomb_entry_unfolded_pyramid_diagonal
Depths:1: layout_small_grid, rand_demon_pan_entry_7, hell_entry,
          chequers_serial_rivers_micro_c, minmay_door_square,
          nicolae_tso_carved_into_rock, infiniplex_staircase_pool_lava,
          uniq_mara
Depths:2: nicolae_cairo_tiling_large_dashed, layout_basic, enter_ziggurat_d,
          pf_coc_iceberg, abyss_entry, serial_shops, shop,
          nicolae_lava_and_water, pan_entry, serial_curves, eino_curves_03
Depths:3: gammafunk_dig_for_victory, layout_cave_pools, serial_shops, shop,
          abyss_entry, rand_demon_pan_entry_3, minmay_misc_feat_roman,
          hell_entry
Depths:4: hangedman_slaughterboxes, hell_entry
Zot:1:    layout_misc_corridors, bh_zot_levy_curve, grunt_ministairs_14,
          regret_index_zotdec_ex
Zot:2:    layout_onion_interference,
          regret_index_zotdec_abyssal_contain_seething_sorcery, uniq_tiamat
Zot:3:    layout_gridlike
Zot:4:    layout_misc_corridors
Zot:5:    layout_gridlike

Skill      XL: |  1  2  3  4  5  6  7  8  9 10 11 12 13 14 15 16 17 18 19 20 21 22 23 24 25 26 |
---------------+-------------------------------------------------------------------------------+-----
Stealth        | 2 3 4 5 8 10 11 13 14 | 14.9
Hexes          | 1 3 5 6 8 10 12 13 14 | 14.9
Dodging        | 4 5 6 7 9 10 13 14 | 14.9
Unarmed Combat | 4 5 6 10 13 14 | 14.9
Spellcasting   | 1 3 4 5 6 8 9 11 13 14 | 14.9
Fighting       | 6 9 10 11 12 13 14 | 14.9
Summonings     | 2 4 6 7 8 11 14 | 14.9
Evocations     | 1 2 5 9 10 13 14 | 14.9
Ice Magic      | 2 |  2.3
Shapeshifting  | 4 12 14 | 14.9
Translocations | 12 14 | 14.9
Air Magic      | 3 5 7 11 14 | 14.9
Earth Magic    | 1 9 13 14 | 14.9
Transmutations | 10 12 | 12.2
Conjurations   | 8 10 | 10.4

Action                     |  1- 3 |  4- 6 |  7- 9 | 10-12 | 13-15 | 16-18 | 19-21 | 22-24 | 25-27 || total
---------------------------+-------+-------+-------+-------+-------+-------+-------+-------+-------++-------
  Melee: Unarmed           |   130 |   172 |   206 |   663 |  1728 |  1230 |   828 |  1295 |   860 ||  7112
         Bite              |    15 |    34 |    33 |   116 |   329 |   205 |   157 |   256 |   177 ||  1322
         Punch             |       |     8 |    14 |    64 |   188 |   132 |    99 |   185 |   120 ||   810
         Headbutt          |       |       |       |       |   503 |   363 |   240 |    92 |   115 ||  1313
   Cast: Confusing Touch   |       |     6 |    26 |    53 |    66 |     7 |       |       |     1 ||   159
         Summon Guardian G |       |       |     6 |    24 |    41 |     1 |       |       |       ||    72
         Summon Mana Viper |       |       |       |       |     3 |   121 |    78 |   103 |    70 ||   375
         Vhi's Electric Ch |       |       |       |       |       |    31 |    60 |    17 |    22 ||   130
         Silence           |       |       |       |       |       |       |     1 |     8 |    11 ||    20
         Passwall          |       |       |       |       |       |       |       |    14 |     7 ||    21
  Evoke: Wand              |       |     5 |       |       |     3 |     3 |     2 |    13 |     4 ||    30
         Condenser vane    |       |       |       |       |     2 |       |     2 |     3 |       ||     7
         Lightning rod     |       |       |       |       |       |     5 |     2 |       |       ||     7
         Sack of spiders   |       |       |       |       |       |       |     1 |       |     1 ||     2
         Phantom mirror    |       |       |       |       |       |       |       |     1 |       ||     1
    Use: Scroll            |     3 |     5 |     4 |    13 |     6 |     9 |     7 |    13 |    12 ||    72
         Potion            |       |     1 |       |     1 |     3 |     1 |     1 |     2 |     8 ||    17
   Stab: Sleeping          |    10 |     8 |     2 |    14 |    34 |    32 |    31 |    41 |    25 ||   197
         Distracted        |     1 |       |     1 |       |    13 |    27 |    16 |    20 |    16 ||    94
         Confused          |       |     1 |    17 |    54 |    84 |    17 |     4 |     5 |     2 ||   184
         Paralysed         |       |     1 |       |       |     1 |     1 |       |     1 |     1 ||     5
         Held in net/web   |       |       |       |     2 |       |       |     1 |       |       ||     3
         Invisible         |       |       |       |       |     7 |     9 |       |     1 |     6 ||    23
         Petrified         |       |       |       |       |       |       |       |     2 |       ||     2
 Armour: Skin              |    32 |    52 |    82 |   141 |   390 |   632 |   415 |   950 |   644 ||  3338
  Dodge: Dodged            |   105 |   135 |   177 |   633 |  2347 |  2729 |  1433 |  2591 |  1963 || 12113
  Block: Other             |       |       |       |       |       |       |   137 |   243 |       ||   380
   Form: Statue            |       |       |       |       |       |     1 |     1 |       |       ||     2

Table legend: (Time is in decaauts)
 A = Elapsed time spent in this place.
 B = Non-inter-level travel time spent in this place.
 C = Inter-level travel time spent in this place.
 D = Time resting spent in this place.
 E = Time spent auto-exploring this place.
 F = Levels seen in this place.
 G = Mean time per level.
                   A        B        C        D        E       F      G
               +--------+--------+--------+--------+--------+-----+--------+
         Total |  80051 |  71332 |   8719 |  13031 |  39094 |  54 | 1482.4 |
       Dungeon |  17387 |  13624 |   3763 |   2215 |   7548 |  15 | 1159.1 |
          Lair |   7189 |   6475 |    714 |   1603 |   2892 |   5 | 1437.8 |
        Shoals |   5939 |   5718 |    221 |    281 |   3639 |   4 | 1484.8 |
     Snake Pit |   5900 |   5620 |    280 |    425 |   3673 |   4 | 1475.0 |
  Orcish Mines |   3127 |   2355 |    772 |    608 |    994 |   2 | 1563.5 |
   Elven Halls |   7259 |   7029 |    230 |   1645 |   3572 |   3 | 2419.7 |
        Vaults |  14224 |  13335 |    889 |   1230 |   9058 |   5 | 2844.8 |
         Crypt |   7428 |   6983 |    445 |   2098 |   3424 |   3 | 2476.0 |
        Depths |   9269 |   8029 |   1240 |   1620 |   4139 |   4 | 2317.2 |
           Zot |   2180 |   2018 |    162 |   1303 |     93 |   5 |  436.0 |
        Bazaar |     94 |     94 |      0 |      0 |     58 |   1 |   94.0 |
         Trove |     33 |     33 |      0 |      0 |      0 |   1 |   33.0 |
        Bailey |      9 |      9 |      0 |      0 |      0 |   1 |    9.0 |
       Volcano |      6 |      6 |      0 |      0 |      0 |   1 |    6.0 |
               +--------+--------+--------+--------+--------+-----+--------+

Top non-repeatable levels by time:
 Crypt:2: 3798 daAuts
Depths:4: 3623 daAuts
Vaults:1: 3470 daAuts
   Elf:3: 3208 daAuts
Vaults:2: 3087 daAuts
Vaults:5: 3085 daAuts
  Lair:5: 2746 daAuts
Vaults:3: 2490 daAuts
 Snake:4: 2439 daAuts
 Crypt:1: 2424 daAuts
Depths:2: 2215 daAuts
   Orc:2: 2124 daAuts
Vaults:4: 2091 daAuts
   Elf:1: 2079 daAuts
    D:14: 2077 daAuts

Table legend:
 A = Kills in this place as a percentage of kills in the entire game.
 B = Kills by you in this place as a percentage of kills by you in the entire game.
 C = Kills by friends in this place as a percentage of kills by friends in the entire game.
 D = Other kills in this place as a percentage of other kills in the entire game.
 E = Experience gained in this place as a percentage of experience gained in the entire game.
 F = Experience gained in this place divided by the number of levels of this place that you have seen.
                   A       B       C       D       E      F
               +-------+-------+-------+-------+-------+----------------------
         Total | 100.0 | 100.0 | 100.0 | 100.0 | 100.0 | 23568.8
       Dungeon |  18.4 |  18.8 |   7.4 |  37.0 |   8.1 | 6872.6
          Lair |   9.1 |   9.2 |   4.4 |  18.5 |   4.2 | 10775.0
        Shoals |   8.8 |   8.3 |  14.2 |   7.4 |   8.1 | 25863.5
     Snake Pit |   8.1 |   7.4 |  17.6 |   0.0 |   7.3 | 23126.0
  Orcish Mines |   6.4 |   6.4 |   1.0 |  19.8 |   1.4 | 9144.0
   Elven Halls |   8.0 |   7.5 |  13.7 |   4.9 |   9.1 | 38451.7
        Vaults |  19.1 |  19.5 |  21.6 |   3.7 |  26.1 | 66397.4
         Crypt |   8.8 |   8.9 |  12.3 |   0.0 |  11.4 | 48247.0
        Depths |  11.5 |  12.0 |   7.8 |   8.6 |  21.0 | 66739.0
           Zot |   1.7 |   2.0 |   0.0 |   0.0 |   3.3 | 8492.8
               +-------+-------+-------+-------+-------+----------------------
